Workbook
Name уровень: 'Справочники (перечень тегов)'!$F$3:$F$11

Sheet Ролевая матрица
B2: Матрица доступа к информационным панелям ПИАО ГИИС "Электронный бюджет"
N4: январь 2026 года
A6: № инф.панели п/п | B6: № | C6: Наличие плашки на портале | D6: Наименование каталога | E6: Код отчета | F6: Состав рубрикаторов | J6: Состав рубрикаторов
I7: ='ID ЗО включенные в роли'!F47 -> ПИАО.Мониторинг рисков
F8: Полный доступ | G8: Доступ к данным по своей организации | H8: Доступ к данным по своей организации и подведомственным организациям | J8: ПИАО.ФОИВ | K8: ПИАО.ФО | L8: ПИАО.КНО | M8: ЗАКРЫТЫЙ ПИАО.ПАРТИЙНЫЙ ПРОЕКТ | N8: ПИАО.АУ/БУ | O8: ПИАО.ЮРЛИЦА | P8: ПИАО.РОИВ | Q8: ПИАО.ETL Администратор | R8: ПИАО.ETL КС 9н(Excel) ФО | S8: ПИАО.ETL КС 9н(XML) ФО | T8: ПИАО.Плановый список | U8: ПИАО.015.Просмотр неопубликованных дат | V8: ПИАО.016.Ввод данных.Согласование даты | W8: ПИОА.017.Согласование даты | X8: ПИАО.018.Утверждение даты | Y8: ПИАО.Согласование дат
A9: 1 | B9: 2 | D9: 3 | E9: 4 | F9: 5 | G9: 6 | H9: 7 | I9: 28 | J9: 33 | K9: 34 | L9: 35 | M9: 31 | N9: 36 | O9: 37 | P9: 38
B10: 1 | D10: ФЕДЕРАЛЬНЫЙ БЮДЖЕТ | F10: + | G10: + | J10: + | K10: + | L10: + | N10: +
B11: 1.1 | D11: Основные характеристики бюджета | F11: + | G11: + | J11: + | L11: +
B12: 1.1.1 | D12: Общая информация | F12: + | G12: + | J12: + | L12: +
A13: 1 | C13: + | D13: Информационная панель: Бюджет | E13: PIAO_170_001_report | F13: ФОИВ; | J13: + | T13: ПИАО.018.Утверждение даты
A14: 2 | C14: + | D14: Информационная панель: Бюджет ФОИВ | E14: PIAO_196_001_report | G14: ФОИВ | J14: + | T14: ПИАО.Согласование дат
A15: 3 | D15: Информационная панель: Национальная система ценовых индикаторов | E15: PIAO_245_001_report | F15: КНО | L15: +
A16: 4 | C16: + | D16: Основные характеристики федерального бюджета | E16: PIAO_142_001_report | F16: КНО; | L16: +
A17: 5 | C17: + | D17: Справочная макроэкономическая информация | E17: PIAO_156_000 | G17: ФОИВ | J17: +
A18: 6 | C18: - | D18: Основные характеристики исполнения федерального бюджета | E18: PIAO_156_002_report | G18: ФОИВ | J18: +
A19: 7 | C19: - | D19: Информация об исполнении федерального бюджета по доходам | E19: PIAO_156_003_report | G19: ФОИВ | J19: +
A20: 8 | C20: - | D20: Информация об исполнении федерального бюджета по расходам | E20: PIAO_156_004_report | G20: ФОИВ | J20: +
A21: 9 | C21: - | D21: Информация о заключенных соглашениях | E21: PIAO_156_007_report | G21: ФОИВ | J21: +
A22: 10 | C22: - | D22: Информация о реализации национальных (федеральных) проектов | E22: PIAO_156_005_report | G22: ФОИВ | J22: +
A23: 11 | C23: - | D23: Информация о вложениях в объекты незавершенного строительства | E23: PIAO_156_010_report | G23: ФОИВ | J23: +
A24: 12 | C24: - | D24: Информация о крупных вложениях в объекты незавершенного строительства (по объектам) | E24: PIAO_156_011_report | G24: ФОИВ | J24: +
A25: 13 | C25: - | D25: Информация о дебиторской и кредиторской задолженности | E25: PIAO_156_012_report | G25: ФОИВ | J25: +
A26: 14 | C26: - | D26: Информация о крупных дебиторах по доходам | E26: PIAO_156_013_report | G26: ФОИВ | J26: +
A27: 15 | C27: - | D27: Информация о крупных дебиторах по выданным авансам | E27: PIAO_156_014_report | G27: ФОИВ | J27: +
A28: 16 | C28: - | D28: Информация о крупных кредиторах | E28: PIAO_156_015_report | G28: ФОИВ | J28: +
B29: 1.2 | D29: Доходы | F29: + | G29: + | J29: + | L29: +
A30: 17 | C30: + | D30: Информация об исполнении доходов федерального бюджета в разрезе кодов бюджетной классификации | E30: PIAO_130_002_report | F30: КНО; ; ФОИВ | J30: + | L30: +
A31: 18 | C31: + | D31: Информация об исполнении доходов федерального бюджета в разрезе главных администраторов доходов | E31: PIAO_130_001_report | F31: КНО; ; ФОИВ | J31: + | L31: +
A32: 19 | C32: + | D32: Исполнение нефтегазовых и ненефтегазовых доходов федерального бюджета | E32: PIAO_119_001_report | F32: КНО; | L32: +
A33: 20 | C33: + | D33: Калькулятор нефтегазовых доходов | E33: PIAO_106_000_report | F33: КНО; | L33: +
A34: 21 | C34: + | D34: Распределение основных видов доходов бюджетов бюджетной системы Российской Федерации | E34: PIAO_132_001_report | F34: КНО; | L34: +
B35: 1.3 | D35: Расходы | F35: + | G35: + | J35: + | K35: + | L35: +
B36: 1.3.1 | D36: Общая информация | F36: + | G36: + | J36: + | K36: + | L36: +
A37: 22 | C37: + | D37: Информационная панель: Дашборд РФ | E37: PIAO_185_000_report | F37: ФОИВ; | J37: +
A38: 23 | C38: - | D38: Информационная панель: Бюджет | E38: PIAO_185_002_report | F38: ФОИВ; | J38: +
A39: 24 | C39: - | D39: Информационная панель: Субсидии | E39: PIAO_185_003_report | F39: ФОИВ; | J39: +
A40: 25 | C40: + | D40: Информационная панель: Выделение средств из резервного фонда Правительства РФ | E40: PIAO_246_001_report | G40: ФОИВ | J40: +
A41: 26 | C41: + | D41: Расходы федерального бюджета | E41: PIAO_169_001_report | F41: ; ФОИВ | J41: +
A42: 27 | C42: + | D42: Расходы федерального бюджета по ТО | E42: PIAO_169_003_report | F42: ФОИВ | J42: +
A43: 28 | C43: + | D43: Структура расходов федерального бюджета | E43: PIAO_122_001_report | F43: КНО; | L43: +
A44: 29 | C44: + | D44: Информация об исполнении федерального бюджета по расходам в разрезе главных распорядителей бюджетных средств (еженедельное обновление) | E44: PIAO_145_001_report | F44: КНО; | L44: +
A45: 30 | C45: + | D45: Исполнение федерального бюджета по расходам в разрезе кодов бюджетной классификации | E45: PIAO_154_001_report | F45: ФОИВ; КНО; | J45: + | L45: +
A46: 31 | C46: + | D46: Сведения о бюджетных и денежных обязательствах | E46: PIAO_104_001_report | F46: КНО; ФОИВ | J46: + | L46: +
A47: 32 | C47: + | D47: Мониторинг полноты и качества данных о принятых на учет бюджетных и денежных обязательствах, доведенных лимитах бюджетных обязательств | E47: PIAO_104_004_report | F47: ФОИВ; | J47: +
A48: 33 | C48: + | D48: Исполнение ФБ по расходам в разрезе бюджетополучателей | E48: PIAO_173_001_report | F48: КНО | G48: ФОИВ | J48: + | L48: +
A49: 34 | C49: + | D49: Расходы по ПБС и переданным полномочиям | E49: PIAO_200_001_report | F49: КНО; | G49: ФОИВ | J49: + | L49: +
A50: 35 | C50: + | D50: "Лесенка" (по получателям) | E50: PIAO_183_001_report | F50: ФОИВ; | J50: +
A51: 36 | D51: Расходы федерального бюджета | E51: PIAO_169_001_report | G51: ФОИВ | J51: +
A52: 37 | D52: Уведомления о предоставлении МБТ | E52: PIAO_253_002_report | G52: ФО | K52: +
A53: 38 | B53: 1.3.2 | D53: Риск отзыва | F53: + | J53: +
A54: 39 | C54: + | D54: Информационная панель: Риск отзыва по контрольным точкам | E54: PIAO_185_001_report | F54: ФОИВ | J54: +
A55: 40 | C55: - | D55: Риск отзыва по контрольным точкам МБТ | E55: PIAO_185_005_report | F55: ФОИВ | J55: +
A56: 41 | C56: + | D56: Информационная панель: Перераспределение БА | E56: PIAO_220_001_report | F56: ФОИВ; | J56: +
A57: 42 | C57: - | D57: Список перераспределений | E57: PIAO_220_002_report | F57: ФОИВ | J57: +
A58: 43 | C58: - | D58: Информационная панель: По одному перераспределению | E58: PIAO_220_003_report | F58: ФОИВ | J58: +
A59: 44 | C59: + | D59: Исполнение федерального бюджета по расходам с применением методики риск-ориентированного подхода | E59: PIAO_169_200_report | F59: ФОИВ | J59: +
A60: 45 | D60: Риск отзыва по контрольным точкам МБТ в разрезе субъектов РФ | E60: PIAO_185_006_report | F60: ФОИВ | J60: +
A61: 46 | C61: + | D61: Риск отзыва по контрольным точкам (по ГРБС, по КЦСР) | E61: PIAO_185_004_report | F61: ФОИВ | J61: +
B62: 1.3.4 | D62: Расходы на ИТ | F62: + | J62: +
A63: 47 | C63: + | D63: Расходы федерального бюджета на информационные технологии | E63: PIAO_199_001_report | F63: ФОИВ | J63: +
B64: 1.3.5 | D64: Расходы на ОКС | J64: + | K64: + | L64: +
A65: 48 | C65: + | D65: Информационная панель: Дашборд по китальным вложениям | E65: PIAO_192_000_report | F65: ФОИВ; | J65: +
A66: 49 | C66: + | D66: Мониторинг осуществления китальных вложений в объекты китального строительства государственной (муниципальной) собственности или приобретение объектов недвижимого имущества в государственную (муниципальную) собственность | E66: PIAO_164_001_report | F66: ФОИВ; ФО; КНО; | J66: + | K66: + | L66: +
A67: 50 | C67: + | D67: Мониторинг плана кассового исполнения расходов на осуществление китальных вложений | E67: PIAO_169_400_report | F67: ФОИВ | J67: +
A68: 51 | C68: + | D68: Свод по ОКС (включая ФАИП) | E68: PIAO_164_009_report | F68: ФОИВ; ФО; КНО | J68: + | K68: + | L68: +
A69: 52 | C69: - | D69: Карточка ОКС | E69: PIAO_164_006_report | F69: ФОИВ; ФО; | J69: + | K69: +
A70: 53 | C70: + | D70: Риски по объектам китального строительства | E70: PIAO_164_010_report | F70: ФОИВ; | J70: +
A71: 54 | C71: + | D71: Контракты по ОКС | E71: PIAO_164_011_report | F71: ФО | K71: + | L71: +
A72: 55 | C72: + | D72: Контрольные точки по ОКС | E72: PIAO_164_013_report | F72: КНО; ФО | K72: +
B73: 1.3.7 | D73: Реестр государственных заданий | F73: + | J73: + | K73: + | L73: +
A74: 56 | C74: + | D74: Мониторинг формирования государственных заданий и заключения соглашений на их финансовое обеспечение | E74: EPBS_008_002_report | F74: ФОИВ; | J74: +
A75: 57 | C75: + | D75: Перечни (классификаторы) государственных и муниципальных услуг и работ | E75: PIAO_111_001_report | F75: ФОИВ; ФО; КНО; | J75: + | K75: + | L75: +
A76: 58 | C76: + | D76: Услуги и работы общероссийских и федеральных перечней (классификаторов) государственных и муниципальных услуг и работ | E76: PIAO_111_002_report | F76: ФОИВ; ФО; КНО; | J76: + | K76: + | L76: +
A77: 59 | C77: + | D77: Реестровые зиси общероссийских и федеральных перечней (классификаторов) государственных и муниципальных услуг и работ | E77: PIAO_111_003_report | F77: ФОИВ; ФО; КНО; | J77: + | K77: + | L77: +
B78: 1.5 | D78: Кассовое планирование | F78: + | G78: + | J78: + | L78: +
A79: 60 | C79: + | D79: Информационная панель: Кассовое планирование федерального бюджета | E79: FK_KSPL | F79: КНО | L79: +
A80: 61 | C80: + | D80: Плановые и фактические показатели исполнения федерального бюджета | E80: PIAO_114_001_report | F80: КНО | G80: ФОИВ | J80: + | L80: +
A81: 62 | C81: + | D81: Сводная информация по исполнению кассового плана федерального бюджета главными администраторами средств федерального бюджета | E81: PIAO_141_001_report | F81: КНО | G81: ФОИВ | J81: + | L81: +
A82: 63 | C82: + | D82: Предельные объемы финансирования по расходам федерального бюджета | E82: PIAO_149_001_report | F82: КНО | G82: ФОИВ | J82: + | L82: +
A83: 64 | C83: + | D83: Качество кассового планирования доходов, расходов и источников финансирования федерального бюджета главными администраторами средств федерального бюджета | E83: PIAO_140_001_report | F83: КНО | G83: ФОИВ | J83: + | L83: +
A84: 65 | C84: + | D84: Нарушение сроков предоставления сведений для формирования кассового плана исполнения федерального бюджета | E84: PIAO_114_002_report | F84: КНО | G84: ФОИВ | J84: + | L84: +
A85: 66 | C85: + | D85: Показатели, предусмотренные (учтенные при формировании) федеральным законом о федеральном бюджете | E85: PIAO_148_001_report | F85: КНО | G85: ФОИВ | J85: + | L85: +
A86: 67 | C86: + | D86: Прогноз кассовых поступлений по доходам федерального бюджета | E86: PIAO_105_001_report | F86: КНО | G86: ФОИВ | J86: + | L86: +
A87: 68 | C87: + | D87: Прогноз кассовых выплат по расходам федерального бюджета | E87: PIAO_118_001_report | F87: КНО | G87: ФОИВ | J87: + | L87: +
A88: 69 | C88: + | D88: Прогноз кассовых поступлений и кассовых выплат по источникам финансирования дефицита федерального бюджета | E88: PIAO_121_001_report | F88: КНО | G88: ФОИВ | J88: + | L88: +
A89: 70 | C89: + | D89: Исполнение плановых показателей по доходам федерального бюджета в динамике (по главным администраторам средств федерального бюджета и видам доходов) | E89: PIAO_110_001_report | F89: КНО | G89: ФОИВ | J89: + | L89: +
B90: 1.6 | D90: Автономные и бюджетные учреждения | F90: + | N90: +
A91: 71 | C91: + | D91: Информационная панель: Бюджет АУ/БУ | E91: PIAO_216_001_report | F91: АУ/БУ; ФОИВ | J91: + | N91: +
A92: 72 | C92: + | D92: Рейтинг АУ/БУ | E92: PIAO_217_001_report | F92: АУ/БУ; ФОИВ | J92: + | N92: +
A93: 73 | C93: + | D93: Отчет по лицевым счетам АУ/БУ | E93: PIAO_214_001_report | F93: АУ/БУ; ФОИВ | J93: + | N93: +
A94: 74 | C94: + | D94: Участие АУ/БУ в Государственных программах | E94: PIAO_219_001_report | F94: ФОИВ | J94: +
B95: 2 | D95: БЮДЖЕТЫ СУБЪЕКТОВ РОССИЙСКОЙ ФЕДЕРАЦИИ И МЕСТНЫЕ БЮДЖЕТЫ | F95: + | J95: + | K95: + | L95: +
B96: 2.1 | D96: Основные характеристики бюджета | F96: + | G96: + | J96: + | K96: + | L96: +
A97: 75 | C97: + | D97: Информационная панель: Паспорт региона | E97: PIAO_170_002_report | F97: ФО | K97: +
A98: 76 | C98: + | D98: Информация об исполнении консолидированных бюджетов субъектов Российской Федерации (еженедельное обновление) | E98: PIAO_131_001_report | F98: КНО; | L98: +
B99: 2.2 | D99: Доходы | F99: + | J99: + | K99: + | L99: +
A100: 77 | C100: + | D100: Информация об исполнении бюджетов субъектов РФ и местных бюджетов по доходам | E100: PIAO_215_001_report | F100: ; ФО; КНО | K100: + | L100: +
B101: 2.3 | D101: Расходы | F101: + | J101: + | K101: + | L101: +
A102: 78 | C102: + | D102: Мониторинг предоставления субъектами РФ и муниципальными образованиями сведений об исполнении бюджетов по расходам | E102: PIAO_187_001_report | F102: ФО; | K102: +
A103: 79 | C103: + | D103: Информация об исполнении бюджетов субъектов РФ и местных бюджетов по расходам | E103: PIAO_187_002_report | F103: КНО; ; ФОИВ; ФО | J103: + | K103: + | L103: +
...

Sheet Лист1
B1: ПИАО.000.Просмотр всего
B2: ПИАО.100.Исполнение бюджета
B3: ПИАО.101 Резервный фонд.Полный доступ
B4: ПИАО.110.Доходы
B5: ПИАО.121.Строительство
B6: ПИАО.122.Субсидии
B7: ПИАО.123.Закупки ТРУ
B8: ПИАО.120.Расходы
B9: ПИАО.130.Источники финансирования
B10: ПИАО.140.Кассовое планирование
B11: ПИАО.200.Казначейское обслуживание
B12: ПИАО.300.Казначейское сопровождение
... B24: ПИАО.1100.Казначейский мониторинг

Sheet Матрица тегов
A1: № | C1: Наименование каталога | D1: Код отчета | E1: Предметный блок | F1: Тип организации | G1: Уровень бюджета | I1: Роли | J1: Политика | K1: Тип ресурса
A2: 1 | C2: ФЕДЕРАЛЬНЫЙ БЮДЖЕТ | I2: Строительство.Навигация | J2: + | K2: datamart
A3: 1.1 | C3: Основные характеристики бюджета | E3: Доходы; Расходы; ИФ; Кассовое планирование; Плательщики и получатели | F3: ФОИВ; ГРБС ФБ; ГАБС ФБ; ТОФК; ГВФ РФ; АУ/БУ ФБ | G3: ФБ | I3: Строительство. Данные.Все | J3: +
A4: 1.1.1 | C4: Сводная информация | E4: Доходы; Расходы; ИФ; Кассовое планирование | F4: ФОИВ; ГРБС ФБ; ГАБС ФБ; ТОФК; ГВФ РФ; АУ/БУ ФБ | G4: ФБ
C5: Основные характеристики федерального бюджета | D5: PIAO_142_001_report
C6: Информация об исполнении консолидированных бюджетов субъектов Российской Федерации (еженедельное обновление) | D6: PIAO_131_001_report
C7: Базовые и ключевые показатели исполнения бюджетов бюджетной системы РФ | D7: PIAO_175_001_report
C8: Информационная панель: Ситуационный центр | D8: Sittsentr_DASHBORD
C9: Информационная панель: Ситуационный центр Правительство | D9: Sittsentr_DASHBORD_GOV
C10: Информационная панель: Федеральный бюджет | D10: PIAO_180_000_report
C11: Информационная панель: Бюджет | D11: PIAO_170_001_report
C12: Информационная панель: Бюджет ФОИВ | D12: PIAO_196_001_report
C13: Куб: Базовые и ключевые показатели исполнения бюджетов бюджетной системы РФ | D13: INDASFKRASHFB
C14: Куб: Ежемесячный отчет об исполнении бюджета государственного внебюджетного фонда (ф.0503117) | D14: GVBFMONTH0503117
C15: Куб: Ежемесячный отчет об исполнении консолидированного бюджета субъекта Российской Федерации и бюджета территориального государственного внебюджетного фонда (ф.0503317) | D15: KBSMONTH0503317
C16: Куб: Отчет об исполнении консолидированного бюджета Российской Федерации и бюджетов государственных внебюджетных фондов (форма по ОКУД 0507021) | D16: BUDGETFBMONTH0507021
A17: 1.1.2 | C17: Информация по описям платежных документов | E17: Плательщики и получатели | F17: ТОФК | G17: ФБ
C18: Информация о поступлении от организаций и осуществлении выплат в адрес организаций (в разрезе территорий, организаций) | D18: PIAO_129_009_report
C19: Мониторинг загрузки в ПИАО данных из АСФК по описям платежных документов | D19: PIAO_129_013_report
C20: Доходы от использования имущества, находящегося в государственной собственности | D20: PIAO_129_014_report
A21: 1.2 | C21: Доходы | E21: Доходы | F21: ФОИВ; ГАБС ФБ; ТОФК; ПБС ФБ; АУ/БУ ФБ; ГВФ РФ | G21: ФБ | I21: Строительство. Данные.Мое
C22: Информация об исполнении доходов федерального бюджета в разрезе кодов бюджетной классификации | D22: PIAO_130_002_report
C23: Информация об исполнении доходов федерального бюджета в разрезе главных администраторов доходов | D23: PIAO_130_001_report
C24: Исполнение нефтегазовых и ненефтегазовых доходов федерального бюджета | D24: PIAO_119_001_report
C25: Калькулятор нефтегазовых доходов | D25: PIAO_106_000_report
C26: Распределение основных видов доходов бюджетов бюджетной системы Российской Федерации | D26: PIAO_132_001_report
C27: Информация об объемах налога на добавленную стоимость в разрезе территорий | D27: PIAO_151_003_report
C28: Налог на прибыль организаций | D28: EPBS_014_001_report
C29: Информация о кассовых поступлениях в консолидированные бюджеты субъектов Российской Федерации, администрируемых Федеральной налоговой службой | D29: PIAO_172_001_report
C30: Исполнение бюджетов государственных внебюджетных фондов Российской Федерации | D30: PIAO_174_002_report
C31: Информация об исполнении доходов федерального бюджета в разрезе кодов бюджетной классификации | D31: PIAO_130_002_reportFOIV
C32: Куб: Информация о кассовых поступлениях в КБС РФ, администрируемых ФНС | D32: KBS_0503152_I
A33: 1.3 | C33: Расходы | E33: Расходы; Строительство; Закупки ТРУ; Субсидии | F33: ФОИВ; ГРБС ФБ; ГВФ РФ; ТОФК; ПБС ФБ; АУ/БУ ФБ | G33: ФБ | I33: Строительство. Данные.Подведы
A34: 1.3.1 | C34: Сводная информация | E34: Расходы; Строительство; Закупки ТРУ; Субсидии | F34: ФОИВ; ГРБС ФБ; ГВФ РФ; ТОФК; ПБС ФБ; АУ/БУ ФБ | G34: ФБ
C35: Расходы федерального бюджета | D35: PIAO_169_001_report
C36: Мониторинг качества данных по расходам федерального бюджета | D36: PIAO_169_100_report
C37: Структура расходов федерального бюджета | D37: PIAO_122_001_report
C38: Информация об исполнении федерального бюджета по расходам в разрезе главных распорядителей бюджетных средств (еженедельное обновление) | D38: PIAO_145_001_report
C39: Исполнение федерального бюджета по расходам в разрезе кодов бюджетной классификации | D39: PIAO_154_001_report
C40: Исполнение консолидированных бюджетов субъектов Российской Федерации в разрезе кодов видов расходов (еженедельное обновление) | D40: PIAO_127_001_report
C41: Сведения о бюджетных и денежных обязательствах | D41: PIAO_104_001_report
C42: Мониторинг полноты и качества данных о принятых на учет бюджетных и денежных обязательствах, доведенных лимитах бюджетных обязательств | D42: PIAO_104_004_report
C43: Исполнение ФБ по расходам в разрезе бюджетополучателей | D43: PIAO_173_001_report
C44: Расходы по ПБС и переданным полномочиям | D44: PIAO_200_001_report
C45: "Лесенка" (по получателям) | D45: PIAO_183_001_report
C46: Информационная панель: Дашборд АПРФ | D46: PIAO_185_000_report
... C48: Информационная панель: Паспорт юрлица | D48: PIAO_191_006_report
A49: 1.3.2 | C49: Риск отзыва | E49: Расходы; Субсидии | F49: ФОИВ; ГРБС ФБ; ГВФ РФ; ТОФК; ПБС ФБ; АУ/БУ ФБ | G49: ФБ
C50: Исполнение федерального бюджета по расходам с применением методики риск-ориентированного подхода | D50: PIAO_169_200_report
C51: Риск отзыва по контрольным точкам (по ГРБС, по КЦСР) | D51: PIAO_193_001_report
C52: Перераспределение лимитов по итогам отчетного года | D52: PIAO_184_001_report
C53: Информационная панель: Экспертно-аналитические риски | D53: PIAO_195_001_report
C54: Информационная панель: Мониторинг перераспределения БА по Правилам внесения изменений | D54: PIAO_198_001_report
C55: Информационная панель: Риск отзыва по контрольным точкам | D55: PIAO_185_001_report
C56: Информационная панель: Перераспределение лимитов по итогам отчетного года | D56: PIAO_184_000_report
A57: 1.3.3 | C57: Сводная бюджетная роспись | E57: Расходы; Субсидии | F57: ФОИВ; ГРБС ФБ; ГВФ РФ; ТОФК; ПБС ФБ; АУ/БУ ФБ | G57: ФБ
C58: Сводная бюджетная роспись федерального бюджета в разрезе заместителей Председателя Правительства Российской Федерации | D58: Rospis_2
C59: Изменение сводной бюджетной росписи федерального бюджета | D59: PIAO_193_001_report
C60: Причины изменения сводной бюджетной росписи федерального бюджета | D60: PIAO_193_002_report
A61: 1.3.4 | C61: Расходы на ИТ | E61: Расходы; ИТ | F61: ФОИВ; ГРБС ФБ; ГАБС ФБ; ТОФК; ГВФ РФ; АУ/БУ ФБ | G61: ФБ
C62: Расходы федерального бюджета на информационные технологии
C63: Мониторинг результатов предоставления субсидий на обеспечение горячим питанием обучающихся по программам начального общего образования | D63: PIAO_168_001_report
A64: 1.3.7 | C64: Реестр государственных заданий | E64: РГЗ; Расходы | F64: ФОИВ; ГРБС ФБ; ТОФК | G64: ФБ; БС РФ; Бюджет МО
C65: Мониторинг формирования государственных заданий и заключения соглашений на их финансовое обеспечение | D65: EPBS_008_002_report
C66: Куб: Мониторинг формирования реестра государственных заданий | D66: MONITPRINGRSRGZ
A67: 1.3.8 | C67: Перечни (классификаторы) государственных и муниципальных работ и услуг | E67: Перечни | F67: ФОИВ; ГРБС ФБ; ТОФК | G67: ФБ; БС РФ; Бюджет МО
C68: Перечни (классификаторы) государственных и муниципальных услуг и работ | D68: PIAO_111_001_report
C69: Услуги и работы общероссийских и федеральных перечней (классификаторов) государственных и муниципальных услуг и работ | D69: PIAO_111_002_report
C70: Реестровые записи общероссийских и федеральных перечней (классификаторов) государственных и муниципальных услуг и работ | D70: PIAO_111_003_report
C71: Куб: Общероссийские и федеральные перечни | D71: OFPGU
A72: 1.4 | C72: Источники финансирования | E72: Доходы; Расходы; ИФ; Кассовое планирование | F72: ФОИВ; ГРБС ФБ; ГАБС ФБ; ТОФК; ГВФ РФ; АУ/БУ ФБ | G72: ФБ
A73: 1.5 | C73: Кассовое планирование | E73: Кассовое планирование; Расходы; Доходы; ИФ | F73: ФОИВ; ГРБС ФБ; ГАБС ФБ; ТОФК; ГВФ РФ; АУ/БУ ФБ | G73: ФБ | I73: Строительство.Данные.ДСП
C74: Плановые и фактические показатели исполнения федерального бюджета | D74: PIAO_114_001_report
C75: Сводная информация по исполнению кассового плана федерального бюджета главными администраторами средств федерального бюджета | D75: PIAO_141_001_report
C76: Предельные объемы финансирования по расходам федерального бюджета | D76: PIAO_149_001_report
C77: Качество кассового планирования доходов, расходов и источников финансирования федерального бюджета главными администраторами средств федерального бюджета | D77: PIAO_140_001_report
C78: Нарушение сроков предоставления сведений для формирования кассового плана исполнения федерального бюджета | D78: PIAO_114_002_report
C79: Показатели, предусмотренные (учтенные при формировании) федеральным законом о федеральном бюджете | D79: PIAO_148_001_report
C80: Прогноз кассовых поступлений по доходам федерального бюджета | D80: PIAO_105_001_report
C81: Прогноз кассовых выплат по расходам федерального бюджета | D81: PIAO_118_001_report
C82: Прогноз кассовых поступлений и кассовых выплат по источникам финансирования дефицита федерального бюджета | D82: PIAO_121_001_report
C83: Исполнение плановых показателей по доходам федерального бюджета в динамике (по главным администраторам средств федерального бюджета и видам доходов) | D83: PIAO_110_001_report
C84: Плановые и фактические показатели исполнения федерального бюджета | D84: PIAO_114_001_reportFOIV
C85: Прогноз кассовых поступлений по доходам федерального бюджета | D85: PIAO_105_001_reportFOIV
... C87: Куб: Прогноз кассовых поступлений по доходам | D87: KSPL0501083
A88: 1.6 | C88: Автономные и бюджетные учреждения
C89: Информационная панель: Кассовое планирование федерального бюджета | D89: FK_KSPL
A90: 2 | C90: БЮДЖЕТЫ СУБЪЕКТОВ РОССИЙСКОЙ ФЕДЕРАЦИИ И МЕСТНЫЕ БЮДЖЕТЫ
A91: 2.1 | C91: Основные характеристики бюджета | E91: Доходы; Расходы; ИФ; Кассовое планирование | F91: АУ/БУ субъекта РФ; АУ/БУ МО; ЮЛ и ГК; ТГВФ | G91: БС РФ; Бюджет МО; Конс.бюджет субъект РФ
C92: Информационная панель: Региональный бюджет | D92: PIAO_170_002_report
A93: 2.2 | C93: Доходы | E93: Доходы | F93: АУ/БУ субъекта РФ; АУ/БУ МО; ЮЛ и ГК; ТГВФ | G93: БС РФ; Бюджет МО
A94: 2.3 | C94: Расходы | E94: Расходы; Строительство | F94: АУ/БУ субъекта РФ; АУ/БУ МО; ЮЛ и ГК; ТГВФ | G94: БС РФ; Бюджет МО
C95: Мониторинг предоставления субъектами РФ и муниципальными образованиями сведений об исполнении бюджетов по расходам | D95: PIAO_187_001_report
C96: Информация об исполнении бюджетов субъектов РФ и местных бюджетов по расходам | D96: PIAO_187_002_report
C97: Расходы субъектов РФ на ФП | D97: 205_Rashodi_subektov_na_FP
C98: Кассовый расход в разрезе бюджетов муниципальных образований, входящих в Арктическую зону | D98: PIAO_177_001_report | E98: Расходы; Строительство | G98: БС РФ; Бюджет МО
C99: Куб: Расходы субъектов на ФП | D99: SVODKONS
A100: 2.4 | C100: Источники финансирования | E100: Расходы; Строительство | F100: АУ/БУ субъекта РФ; АУ/БУ МО; ЮЛ и ГК; ТГВФ | G100: БС РФ; Бюджет МО
A101: 3 | C101: НАЦИОНАЛЬНЫЕ ПРОЕКТЫ, ГОСУДАРСТВЕННЫЕ ПРОГРАММЫ, СУБСИДИИ
A102: 3.1 | C102: Национальные проекты | E102: Расходы | F102: ФОИВ; ГРБС ФБ; ТОФК | G102: ФБ; ФБ; БС РФ; Бюджет МО
...

Sheet Справочники (перечень тегов)
A1: Предметный блок | C1: Тип организации | E1: Уровень бюджета | G1: Рубрикаторы | K1: Перечень ID ЗО для индивидуальных ролей
A2: Сокращение | B2: Полное наименование | C2: Сокращение | D2: Полное наименование | E2: Сокращение | F2: Полное наименование | G2: Сокращение | H2: Полное наименование | J2: Полный доступ | K2: Предметный блок | L2: ID защищаемого объекта
A3: Доходы | B3: Доходы | C3: ФОИВ | D3: Федеральный орган исполнительной власти | E3: Конс.бюджет РФ | F3: Консолидированный бюджет РФ | G3: ФК | H3: ПИАО.ФК | J3: Видит себя | K3: Исполнение бюджета | L3: Dohod_Rashod_IF_Cash
A4: Расходы | B4: Расходы | C4: ГРБС ФБ | D4: Главный распорядитель бюджетных средств ФБ | E4: ФБ | F4: Федеральный бюджет | G4: ФОИВ | H4: ПИАО.ФОИВ | J4: Видит себя и подведов | K4: Доходы | L4: Dohod
A5: ИФ | B5: Источники финансирования | C5: ГАБС ФБ | D5: Главный администратор бюджетных средств ФБ | E5: БС РФ | F5: Бюджет субъекта РФ | G5: МФ | H5: ПИАО.МФ | K5: Расходы | L5: Rashod
A6: Кассовое планирование | B6: Кассовое планирование | C6: ГВФ РФ | D6: Государственные внебюджетные фонды | E6: Бюджет МО | F6: Бюджеты муниципальных образований | G6: ФО | H6: ПИАО.ФО | K6: Расходы на строительство | L6: FAIP
A7: ИТ | B7: Информационные технологии | C7: ТОФК | D7: Территориальный орган Федерального казначейства | E7: ГВБФ | F7: Государственные внебюджетные фонды | G7: КНО | H7: ПИАО.КНО | K7: Расходы на субсидии | L7: Subsidies
A8: Плательщики и получатели | B8: Плательщики и получатели | C8: ПБС ФБ | D8: Получатель бюджетных средств ФБ | E8: СФР | F8: Федеральный фонд пенсионного и социального страхования | G8: ПР-ВО | H8: ПИАО.ПРАВИТЕЛЬСТВО | K8: Расходы на закупки ТРУ | L8: Procurement
A9: Субсидии | B9: Субсидии | C9: АУ/БУ ФБ | D9: Автономное (Бюджетное) учреждение ФБ | E9: ФОМС | F9: Федеральный фонд обязательного медицинского страхования | G9: АП | H9: ПИАО.АДМИНИСТРАЦИЯ ПРЕЗИДЕНТА | K9: Источники финансирования | L9: IF
A10: Закупки ТРУ | B10: Публичные закупки товаров, работ, услуг | C10: АУ/БУ субъекта РФ | D10: Автономное (Бюджетное) учреждение субъекта РФ | E10: Конс.бюджет субъект РФ | F10: Консолидированные бюджеты субъектов РФ | G10: ПП | H10: ПИАО.ПАРТИЙНЫЙ ПРОЕКТ | K10: Кассовое планирование | L10: Cash
A11: Казначейское обслуживание | B11: Казначейское обслуживание | C11: АУ/БУ МО | D11: Автономное (Бюджетное) учреждение муниципального образования | E11: Бюджеты ТФ | F11: Бюджеты территориальных фондов | G11: ЮЛ | H11: ПИАО.ЮР. ЛИЦА | K11: Казначейское обслуживание | L11: Treasury_Services
A12: КС | B12: Казначейское сопровождение | C12: ЮЛ и ГК | D12: Юридические лица и Государственная корпорация, государственная компания | E12: ТФ Субъекта РФ | F12: Территориальный фонд субъекта РФ | G12: АДМ | H12: ПИАО.Администратор | K12: Казначейское сопровождение | L12: KS
A13: Юр. деятельность | B13: Юридическая деятельность | C13: ТГВФ | D13: Территориальные внебюджетные фонды | G13: РОИВ | H13: ПИАО.РОИВ | K13: Юридическая деятельность | L13: IDRNO
A14: ЕКС | B14: Единый казначейский счет | G14: АУ/БУ | H14: ПИАО.АУ/БУ | K14: Единый казначейский счет | L14: EKS
A15: ФХД ФОИВ | B15: ФХД ФОИВ | K15: Бюджетный (Бухгалтерский) учет | L15: MainBook
A16: ФОТ ФОИВ | B16: ФОТ ФОИВ | L16: MainBook_Quality
A17: ФХД АУ/БУ | B17: ФХД АУ/БУ | G17: ФК.Архив | H17: ПИАО.ФК.Архив | K17: Контроль и надзор | L17: KND
A18: КНД | B18: Контроль и надзор | G18: ФОИВ.Архив | H18: ПИАО.ФОИВ.Архив | K18: Статистика государственных финансов | L18: SGRF
A19: СГФ | B19: Статистика государственных финансов | G19: МФ.Архив | H19: ПИАО.МФ.Архив | K19: Качество данных и статистика работы пользователей. | L19: Data_Quality
A20: Сводный реестр | B20: Сводный реестр | G20: ФО.Архив | H20: ПИАО.ФО.Архив | K20: Реезервный фонд | L20: Rezerv
A21: РГЗ | B21: Реестр государственных заданий | G21: КНО.Архив | H21: ПИАО.КНО.Архив | L21: Rezerv_DSP
A22: Перечни | B22: Перечни (классификаторы) государственных и муниципальных работ и услуг | G22: ПР-ВО.Архив | H22: ПИАО.ПРАВИТЕЛЬСТВО.Архив | L22: MONCON
A23: Строительство | G23: АП.Архив | H23: ПИАО.АДМИНИСТРАЦИЯ ПРЕЗИДЕНТА.Архив | L23: MONITORING_RISKOV
A24: ДСП | B24: Для служебного пользования | G24: ПП.Архив | H24: ПИАО.ПАРТИЙНЫЙ ПРОЕКТ | K24: Наборы данных | L24: Open_api
G25: ЮЛ.Архив | H25: ПИАО.ЮР. ЛИЦА
G26: РОИВ.Архив | H26: ПИАО.РОИВ.Архив

Sheet Неактуально_Пр.дост.НР_ФР_н
A1: Рубрикатор | B1: Правила | C1: Правила, прописанные в сборках | D1: Организация на ПРОД КРИСТА
A2: ПИАО.ФК Архив.ПИАО.ФК | B2: ФЕДЕРАЛЬНОЕ КАЗНАЧЕЙСТВО: Код по СВР 00100100 | C2: (CURRENT_ORGANIZATION_SVR_ORGCODE EQUAL "00100100") | D2: ФЕДЕРАЛЬНОЕ КАЗНАЧЕЙСТВО (Код по СВР 00100100)
B3: ФЕДЕРАЛЬНОЕ КАЗЕННОЕ УЧРЕЖДЕНИЕ "ЦЕНТР ПО ОБЕСПЕЧЕНИЮ ДЕЯТЕЛЬНОСТИ КАЗНАЧЕЙСТВА РОССИИ": Код по СВР 001А7081. | C3: (CURRENT_ORGANIZATION_SVR_ORGCODE EQUAL "001А7081") | D3: ФЕДЕРАЛЬНОЕ КАЗЕННОЕ УЧРЕЖДЕНИЕ "ЦЕНТР ПО ОБЕСПЕЧЕНИЮ ДЕЯТЕЛЬНОСТИ КАЗНАЧЕЙСТВА РОССИИ (Код по СВР 001А7081)
B4: ТОФК: Уровень бюджета - "Федеральный" (OrgBudgLevelCode=10) + код главы - "Федеральное казначейство" (KBKGlavaCode=100) + тип организации "Федеральный орган государственной власти, федеральный государственный орган, орган государственной власти субъекта Российской Федерации, государственный орган субъекта Российской Федерации, орган местного самоуправления, в том числе его территориальные органы" (OrgTypeCode=01) | C4: (CURRENT_ORGANIZATION_SVR_ORGBUDGLEVELCODE EQUAL "10") AND (CURRENT_ORGANIZATION_SVR_KBKGLAVACODE EQUAL "100") AND (CURRENT_ORGANIZATION_SVR_ORGTYPECODE EQUAL "01") | D4: УПРАВЛЕНИЕ ФЕДЕРАЛЬНОГО КАЗНАЧЕЙСТВА ПО УЛЬЯНОВСКОЙ ОБЛАСТИ (Код по СВР 00125854) 00148605 УПРАВЛЕНИЕ ФЕДЕРАЛЬНОГО КАЗНАЧЕЙСТВА ПО КРАСНОДАРСКОМУ КРАЮ (ТОФК)
B5: Подведомственные структуры ФЕДЕРАЛЬНОГО КАЗЕННОГО УЧРЕЖДЕНИЯ "ЦЕНТР ПО ОБЕСПЕЧЕНИЮ ДЕЯТЕЛЬНОСТИ КАЗНАЧЕЙСТВА РОССИИ": Код по СВР организации, в ведении которого находится организация 001А7081 (MainOrgCode=001А7081) | C5: (CURRENT_ORGANIZATION_SVR_MAINORGCODE EQUAL "001А7081") | D5: "МЕЖРЕГИОНАЛЬНЫЙ ФИЛИАЛ ФЕДЕРАЛЬНОГО КАЗЕННОГО УЧРЕЖДЕНИЯ "ЦЕНТР ПО ОБЕСПЕЧЕНИЮ ДЕЯТЕЛЬНОСТИ КАЗНАЧЕЙСТВА РОССИИ" В Г. НИЖНЕМ НОВГОРОДЕ" (Код по СВР 001D1013)
A6: ПИАО.ФК | B6: ФЕДЕРАЛЬНОЕ КАЗНАЧЕЙСТВО: Код по СВР 00100100 | C6: (CURRENT_ORGANIZATION_SVR_ORGCODE EQUAL "00100100") | D6: ФЕДЕРАЛЬНОЕ КАЗНАЧЕЙСТВО (Код по СВР 00100100)
A7: ПИАО.ФК | B7: ФЕДЕРАЛЬНОЕ КАЗНАЧЕЙСТВО: Код по СВР 00100100 | C7: (CURRENT_ORGANIZATION_SVR_ORGCODE EQUAL "00100100") | D7: ФЕДЕРАЛЬНОЕ КАЗНАЧЕЙСТВО (Код по СВР 00100100)
B8: МЕЖРЕГИОНАЛЬНОЕ БУХГАЛТЕРСКОЕ УПРАВЛЕНИЕ ФЕДЕРАЛЬНОГО КАЗНАЧЕЙСТВА: Код по СВР 001F9356 | C8: (CURRENT_ORGANIZATION_SVR_ORGCODE EQUAL "001F9356") | D8: МЕЖРЕГИОНАЛЬНОЕ БУХГАЛТЕРСКОЕ УПРАВЛЕНИЕ ФЕДЕРАЛЬНОГО КАЗНАЧЕЙСТВА (Код по СВР 001F9356)
A9: ПИАО.ФК | B9: ФЕДЕРАЛЬНОЕ КАЗНАЧЕЙСТВО: Код по СВР 00100100 | C9: (CURRENT_ORGANIZATION_SVR_ORGCODE EQUAL "00100100") | D9: ФЕДЕРАЛЬНОЕ КАЗНАЧЕЙСТВО (Код по СВР 00100100)
B10: ФЕДЕРАЛЬНОЕ КАЗЕННОЕ УЧРЕЖДЕНИЕ "ЦЕНТР ПО ОБЕСПЕЧЕНИЮ ДЕЯТЕЛЬНОСТИ КАЗНАЧЕЙСТВА РОССИИ": Код по СВР 001А7081. | C10: (CURRENT_ORGANIZATION_SVR_ORGCODE EQUAL "001А7081") | D10: ФЕДЕРАЛЬНОЕ КАЗЕННОЕ УЧРЕЖДЕНИЕ "ЦЕНТР ПО ОБЕСПЕЧЕНИЮ ДЕЯТЕЛЬНОСТИ КАЗНАЧЕЙСТВА РОССИИ (Код по СВР 001А7081)
B11: ТОФК: Уровень бюджета - "Федеральный" (OrgBudgLevelCode=10) + код главы - "Федеральное казначейство" (KBKGlavaCode=100) + тип организации "Федеральный орган государственной власти, федеральный государственный орган, орган государственной власти субъекта Российской Федерации, государственный орган субъекта Российской Федерации, орган местного самоуправления, в том числе его территориальные органы" (OrgTypeCode=01) | C11: (CURRENT_ORGANIZATION_SVR_ORGBUDGLEVELCODE EQUAL "10") AND (CURRENT_ORGANIZATION_SVR_KBKGLAVACODE EQUAL "100") AND (CURRENT_ORGANIZATION_SVR_ORGTYPECODE EQUAL "01") | D11: УПРАВЛЕНИЕ ФЕДЕРАЛЬНОГО КАЗНАЧЕЙСТВА ПО УЛЬЯНОВСКОЙ ОБЛАСТИ (Код по СВР 00125854)
B12: Подведомственные структуры ФЕДЕРАЛЬНОГО КАЗЕННОГО УЧРЕЖДЕНИЯ "ЦЕНТР ПО ОБЕСПЕЧЕНИЮ ДЕЯТЕЛЬНОСТИ КАЗНАЧЕЙСТВА РОССИИ": Код по СВР организации, в ведении которого находится организация 001А7081 (MainOrgCode=001А7081) | C12: (CURRENT_ORGANIZATION_SVR_MAINORGCODE EQUAL "001А7081") | D12: "МЕЖРЕГИОНАЛЬНЫЙ ФИЛИАЛ ФЕДЕРАЛЬНОГО КАЗЕННОГО УЧРЕЖДЕНИЯ "ЦЕНТР ПО ОБЕСПЕЧЕНИЮ ДЕЯТЕЛЬНОСТИ КАЗНАЧЕЙСТВА РОССИИ" В Г. НИЖНЕМ НОВГОРОДЕ" (Код по СВР 001D1013)
A13: ПИАО.ФОИВ Архив.ПИАО.ФОИВ | B13: Федеральные органы исполнительной власти: тип организации "Федеральный орган государственной власти, федеральный государственный орган, орган государственной власти субъекта Российской Федерации, государственный орган субъекта Российской Федерации, орган местного самоуправления, в том числе его территориальные органы" (OrgTypeCode=01) + Уровень бюджета - "Федеральный" (OrgBudgLevelCode=10) | C13: (CURRENT_ORGANIZATION_SVR_ORGTYPECODE EQUAL "01") AND (CURRENT_ORGANIZATION_SVR_ORGBUDGLEVELCODE EQUAL "10") | D13: ФЕДЕРАЛЬНАЯ НАЛОГОВАЯ СЛУЖБА (Код по СВР 00100182) ФЕДЕРАЛЬНАЯ СЛУЖБА ПО ТРУДУ И ЗАНЯТОСТИ
B14: Исключения: 00100100 ФЕДЕРАЛЬНОЕ КАЗНАЧЕЙСТВО, 00100092 МИНИСТЕРСТВО ФИНАНСОВ РОССИЙСКОЙ ФЕДЕРАЦИИ, 00100305 СЧЕТНАЯ ПАЛАТА РОССИЙСКОЙ ФЕДЕРАЦИИ, 00100303 Управление делами президента российской Федерации, 00100139 Министерство экономического развития российской Федерации, 001D0179 Правительство Российской Федерации | C14: AND (NOT (CURRENT_ORGANIZATION_SVR_ORGCODE MATCH "00100303")) AND (NOT (CURRENT_ORGANIZATION_SVR_ORGCODE MATCH "00100092") | D14: 00148605 УПРАВЛЕНИЕ ФЕДЕРАЛЬНОГО КАЗНАЧЕЙСТВА ПО КРАСНОДАРСКОМУ КРАЮ (ТОФК)
B15: ПИАО.601 Бюджетный учет ФОИВ доступны к назначению организациям: 00113441 ФЕДЕРАЛЬНОЕ КАЗЕННОЕ УЧРЕЖДЕНИЕ "ИСПРАВИТЕЛЬНАЯ КОЛОНИЯ № 9 ГЛАВНОГО УПРАВЛЕНИЯ ФЕДЕРАЛЬНОЙ СЛУЖБЫ ИСПОЛНЕНИЯ НАКАЗАНИЙ ПО НОВОСИБИРСКОЙ ОБЛАСТИ" 00114237 ФЕДЕРАЛЬНОЕ КАЗЕННОЕ УЧРЕЖДЕНИЕ "ИСПРАВИТЕЛЬНАЯ КОЛОНИЯ № 8 ГЛАВНОГО УПРАВЛЕНИЯ ФЕДЕРАЛЬНОЙ СЛУЖБЫ ИСПОЛНЕНИЯ НАКАЗАНИЙ ПО НОВОСИБИРСКОЙ ОБЛАСТИ" 00140862 ФЕДЕРАЛЬНОЕ КАЗЕННОЕ УЧРЕЖДЕНИЕ "СЛЕДСТВЕННЫЙ ИЗОЛЯТОР № 1 УПРАВЛЕНИЯ ФЕДЕРАЛЬНОЙ СЛУЖБЫ ИСПОЛНЕНИЯ НАКАЗАНИЙ ПО ТАМБОВСКОЙ ОБЛАСТИ" 00139404 ФЕДЕРАЛЬНОЕ КАЗЕННОЕ УЧРЕЖДЕНИЕ "ИСПРАВИТЕЛЬНАЯ КОЛОНИЯ № 9 УПРАВЛЕНИЯ ФЕДЕРАЛЬНОЙ СЛУЖБЫ ИСПОЛНЕНИЯ НАКАЗАНИЙ ПО НОВГОРОДСКОЙ ОБЛАСТИ" 00115940 ФЕДЕРАЛЬНОЕ КАЗЕННОЕ УЧРЕЖДЕНИЕ "ИСПРАВИТЕЛЬНАЯ КОЛОНИЯ № 2 УПРАВЛЕНИЯ ФЕДЕРАЛЬНОЙ СЛУЖБЫ ИСПОЛНЕНИЯ НАКАЗАНИЙ ПО ОРЕНБУРГСКОЙ ОБЛАСТИ" | C15: (CURRENT_ORGANIZATION_SVR_ORGCODE MATCH "00113441") OR (CURRENT_ORGANIZATION_SVR_ORGCODE MATCH "00114237") OR (CURRENT_ORGANIZATION_SVR_ORGCODE MATCH "00140862") OR (CURRENT_ORGANIZATION_SVR_ORGCODE MATCH "00139404") OR (CURRENT_ORGANIZATION_SVR_ORGCODE MATCH "00115940") OR (CURRENT_ORGANIZATION_SVR_ORGTYPECODE EQUAL "01") AND (CURRENT_ORGANIZATION_SVR_ORGBUDGLEVELCODE EQUAL "10") AND (NOT (CURRENT_ORGANIZATION_SVR_ORGCODE MATCH "00100100" OR CURRENT_ORGANIZATION_SVR_ORGCODE MATCH "00100092" OR CURRENT_ORGANIZATION_SVR_ORGCODE MATCH "00100305" OR CURRENT_ORGANIZATION_SVR_ORGCODE MATCH "00100303" OR CURRENT_ORGANIZATION_SVR_ORGCODE MATCH "00100139" OR CURRENT_ORGANIZATION_SVR_ORGCODE MATCH "001D0179")) | D15: ФЕДЕРАЛЬНОЕ КАЗЕННОЕ УЧРЕЖДЕНИЕ "ИСПРАВИТЕЛЬНАЯ КОЛОНИЯ № 9 ГЛАВНОГО УПРАВЛЕНИЯ ФЕДЕРАЛЬНОЙ СЛУЖБЫ ИСПОЛНЕНИЯ НАКАЗАНИЙ ПО НОВОСИБИРСКОЙ ОБЛАСТИ" (Код по СВР 00113441) ФЕДЕРАЛЬНОЕ КАЗЕННОЕ УЧРЕЖДЕНИЕ "ИСПРАВИТЕЛЬНАЯ КОЛОНИЯ № 9 УПРАВЛЕНИЯ ФЕДЕРАЛЬНОЙ СЛУЖБЫ ИСПОЛНЕНИЯ НАКАЗАНИЙ ПО НОВГОРОДСКОЙ ОБЛАСТИ" (код по СВР 00139404)
A16: ПИАО.МФ Архив.ПИАО.МФ | B16: МИНИСТЕРСТВО ФИНАНСОВ РОССИЙСКОЙ ФЕДЕРАЦИИ: Код по СВР 00100092 | C16: (CURRENT_ORGANIZATION_SVR_ORGCODE EQUAL "00100092") | D16: МИНФИН РОССИИ (Код по СВР 00100092)
A17: ПИАО.ФО Архив.ПИАО.ФО | B17: Финансовые органы высших должностных лиц (их представителей), контрольно-надзорных органов субъектов Российской Федерации (муниципальных образований): Уровень бюджета не равен "Федеральный" (OrgBudgLevelCode=10) + код ОКОПФ - "00074-Казенное учреждение" или "15143" или "20904" или "30003" или "65142" или "65143" или "75203" или "75204" или "75403" или "75404". 00074 – Казенное учреждение 15143 – Муниципальные казенные предприятия 20904 – Казенное учреждение 30003 – Обособленные подразделения юридических лиц 65142 – Казенные предприятия субъектов Российской Федерации 65143 – Муниципальные казенные предприятия 75203 75204 75403 75404. | C17: NOT (CURRENT_ORGANIZATION_SVR_ORGBUDGLEVELCODE EQUAL "10")) AND (CURRENT_ORGANIZATION_SVR_OKOPFCODE EQUAL "00074") OR (CURRENT_ORGANIZATION_SVR_OKOPFCODE EQUAL "15143") OR (CURRENT_ORGANIZATION_SVR_OKOPFCODE EQUAL "20904") OR (CURRENT_ORGANIZATION_SVR_OKOPFCODE EQUAL "30003") OR (CURRENT_ORGANIZATION_SVR_OKOPFCODE EQUAL "65142") OR (CURRENT_ORGANIZATION_SVR_OKOPFCODE EQUAL "65143") OR (CURRENT_ORGANIZATION_SVR_OKOPFCODE EQUAL "75203") OR (CURRENT_ORGANIZATION_SVR_OKOPFCODE EQUAL "75204") OR (CURRENT_ORGANIZATION_SVR_OKOPFCODE EQUAL "75403") OR (CURRENT_ORGANIZATION_SVR_OKOPFCODE EQUAL "75404") | D17: ФИЛИАЛ № 10 ГОСУДАРСТВЕННОГО КАЗЕННОГО УЧРЕЖДЕНИЯ КРАСНОДАРСКОГО КРАЯ "ЦЕНТРАЛИЗОВАННАЯ БУХГАЛТЕРИЯ УЧРЕЖДЕНИЙ ОБРАЗОВАНИЯ" В Г. НОВОРОССИЙСКЕ (Код по СВР 03221520) 033И2464 ФИНАНСОВОЕ УПРАВЛЕНИЕ АДМИНИСТРАЦИИ МУНИЦИПАЛЬНОГО ОБРАЗОВАНИЯ АПШЕРОНСКИЙ РАЙОН 03200005 МИНИСТЕРСТВО ФИНАНСОВ КРАСНОДАРСКОГО КРАЯ
A18: ПИАО.КНО Архив.ПИАО.КНО | B18: СЧЕТНАЯ ПАЛАТА РОССИЙСКОЙ ФЕДЕРАЦИИ: Код по СВР 00100305 | C18: (CURRENT_ORGANIZATION_SVR_ORGCODE EQUAL "00100305") | D18: СЧЕТНАЯ ПАЛАТА РОССИЙСКОЙ ФЕДЕРАЦИИ (Код по СВР 00100305) | H18: Рубрикатор
B19: Органы Прокуратуры (РФ и субъектов РФ): Уровень бюджета - "Федеральный" (OrgBudgLevelCode=10) + код главы - "Генеральная прокуратура Российской Федерации" (KBKGlavaCode=415) | C19: (CURRENT_ORGANIZATION_SVR_ORGBUDGLEVELCODE EQUAL "10") AND (CURRENT_ORGANIZATION_SVR_KBKGLAVACODE EQUAL "415") | D19: ПРОКУРАТУРА ВЛАДИМИРСКОЙ ОБЛАСТИ (Код по СВР 00117192) | H19: ПИАО.ФК
B20: Управление делами президента российской Федерации: Код по СВР 00100303 | C20: (CURRENT_ORGANIZATION_SVR_ORGCODE EQUAL "00100303") | D20: Управление делами президента российской Федерации (Код по СВР 00100303) | H20: ПИАО.ФОИВ
B21: Министерство экономического развития российской Федерации: Код по СВР 00100139 | C21: (CURRENT_ORGANIZATION_SVR_ORGCODE EQUAL "00100139") | D21: Министерство экономического развития российской Федерации (Код по СВР 00100139) | H21: ПИАО.МФ
B22: МЕЖРЕГИОНАЛЬНАЯ ИНСПЕКЦИЯ ФЕДЕРАЛЬНОЙ НАЛОГОВОЙ СЛУЖБЫ ПО ЦЕНТРАЛИЗОВАННОЙ ОБРАБОТКЕ ДАННЫХ № 4: Код по СВР 001F9389 | C22: (CURRENT_ORGANIZATION_SVR_ORGCODE EQUAL "001F9389") | D22: МЕЖРЕГИОНАЛЬНАЯ ИНСПЕКЦИЯ ФЕДЕРАЛЬНОЙ НАЛОГОВОЙ СЛУЖБЫ ПО ЦЕНТРАЛИЗОВАННОЙ ОБРАБОТКЕ ДАННЫХ № 4: Код по СВР 001F9389 | H22: ПИАО.ФО
B23: ФЕДЕРАЛЬНАЯ СЛУЖБА ПО ФИНАНСОВОМУ МОНИТОРИНГУ : Код по СВР 00100724 | C23: (CURRENT_ORGANIZATION_SVR_ORGCODE EQUAL "00100724") | D23: ФЕДЕРАЛЬНАЯ СЛУЖБА ПО ФИНАНСОВОМУ МОНИТОРИНГУ : Код по СВР 00100724 | H23: ПИАО.КНО
B24: МИНИСТЕРСТВО ВНУТРЕННИХ ДЕЛ РОССИЙСКОЙ ФЕДЕРАЦИИ: Код по СВР 00100188 | C24: (CURRENT_ORGANIZATION_SVR_ORGCODE EQUAL "00100188 ") | D24: МИНИСТЕРСТВО ВНУТРЕННИХ ДЕЛ РОССИЙСКОЙ ФЕДЕРАЦИИ: Код по СВР 00100188 | H24: ПИАО.ПРАВИТЕЛЬСТВО
B25: ФЕДЕРАЛЬНАЯ АНТИМОНОПОЛЬНАЯ СЛУЖБА: Код по СВР 00100161 | C25: (CURRENT_ORGANIZATION_SVR_ORGCODE EQUAL "00100161") | D25: ФЕДЕРАЛЬНАЯ АНТИМОНОПОЛЬНАЯ СЛУЖБА: Код по СВР 00100161 | H25: ПИАО.ПАРТИЙНЫЙ ПРОЕКТ
B26: ФЕДЕРАЛЬНАЯ СЛУЖБА ОХРАНЫ РОССИЙСКОЙ ФЕДЕРАЦИИ: Код по СВР 00100202 | C26: (CURRENT_ORGANIZATION_SVR_ORGCODE EQUAL "00100202") | D26: ФЕДЕРАЛЬНАЯ СЛУЖБА ОХРАНЫ РОССИЙСКОЙ ФЕДЕРАЦИИ: Код по СВР 00100202 | H26: ПИАО.ЮР. ЛИЦА
B27: ФЕДЕРАЛЬНАЯ НАЛОГОВАЯ СЛУЖБА: Код По СВР 00100182 | C27: (CURRENT_ORGANIZATION_SVR_ORGCODE EQUAL "00100182")
B28: Организациис кодом главы 182: код главы - "ФЕДЕРАЛЬНАЯ НАЛОГОВАЯ СЛУЖБА" (KBKGlavaCode=415) | C28: (CURRENT_ORGANIZATION_SVR_KBKGLAVACODE EQUAL "182") | D28: МИ ФНС РОССИИ ПО ЦОД № 4 (Код по СВР 001F9389)
B29: МЕЖРЕГИОНАЛЬНАЯ ИНСПЕКЦИЯ ФЕДЕРАЛЬНОЙ НАЛОГОВОЙ СЛУЖБЫ ПО КРУПНЕЙШИМ НАЛОГОПЛАТЕЛЬЩИКАМ № 4: Код по СВР 00174205 | C29: (CURRENT_ORGANIZATION_SVR_ORGCODE EQUAL "00174205")
B30: Аппарат Полномочного представителя Президента Российской Федерации в Центральном федеральном округе: ИНН 9847863368 + КПП 989401125 | C30: ((CURRENT_ORGANIZATION_INN EQUAL "9847863368") AND (CURRENT_ORGANIZATION_KPP EQUAL "989401125"))
B31: Аппарат Полномочного представителя Президента России в Северо-Кавказском федеральном округе: ИНН 9857869584 + КПП 985901124 | C31: ((CURRENT_ORGANIZATION_INN EQUAL "9857869584") AND (CURRENT_ORGANIZATION_KPP EQUAL "985901124"))
B32: Аппарат Полномочного представителя Президента России в Сибирском федеральном округе: ИНН 9893189947 + КПП 984001124 | C32: ((CURRENT_ORGANIZATION_INN EQUAL "9893189947") AND (CURRENT_ORGANIZATION_KPP EQUAL "984001124"))
B33: Аппарат Полномочного представителя Президента России в Приволжском федеральном округе: ИНН 9810093553 + КПП 989401124 | C33: ((CURRENT_ORGANIZATION_INN EQUAL "9810093553") AND (CURRENT_ORGANIZATION_KPP EQUAL "989401124"))
A34: ПИАО.ПРАВИТЕЛЬСТВО Архив.ПИАО.ПРАВИТЕЛЬСТВО | B34: Государственной корпорации развития «ВЭБ.РФ»: Код по СВР 001Э2285 | C34: (CURRENT_ORGANIZATION_SVR_ORGCODE EQUAL "001Э2285") | D34: Государственной корпорации развития «ВЭБ.РФ» (Код по СВР 001Э2285) | H34: ПИАО.АДМИНИСТРАЦИЯ ПРЕЗИДЕНТА
B35: АНАЛИТИЧЕСКИЙ ЦЕНТР ПРИ ПРАВИТЕЛЬСТВЕ РОССИЙСКОЙ ФЕДЕРАЦИИ: Код по СВР 450В0011 | C35: (CURRENT_ORGANIZATION_SVR_ORGCODE EQUAL "450В0011") | D35: АНАЛИТИЧЕСКИЙ ЦЕНТР ПРИ ПРАВИТЕЛЬСТВЕ РОССИЙСКОЙ ФЕДЕРАЦИИ (Код по СВР 450В0011)
B36: ПРАВИТЕЛЬСТВО РОССИЙСКОЙ ФЕДЕРАЦИИ: Код по СВР 001D0179 | C36: (CURRENT_ORGANIZATION_SVR_ORGCODE EQUAL "001D0179") | D36: ПРАВИТЕЛЬСТВО РОССИЙСКОЙ ФЕДЕРАЦИИ (Код по СВР 001D0179)
B37: АППАРАТ ПРАВИТЕЛЬСТВА РОССИЙСКОЙ ФЕДЕРАЦИИ: ИНН7710568760+КПП770101900 | C37: (CURRENT_ORGANIZATION_INN EQUAL "7710568760") AND (CURRENT_ORGANIZATION_KPP EQUAL "770101900")) | D37: АППАРАТ ПРАВИТЕЛЬСТВА РОССИЙСКОЙ ФЕДЕРАЦИИ
B38: ФГБУ "ЦЭКИ": Код по СВР 001Э3269 | C38: CURRENT_ORGANIZATION_SVR_ORGCODE EQUAL "001Э3269")
A39: ПИАО.АУ/БУ Архив.ПИАО.АУ/БУ | B39: ОКОПФ 75101 - Федеральные государственные автономные учреждения | C39: (CURRENT_ORGANIZATION_SVR_OKOPFCODE EQUAL "75101") OR (CURRENT_ORGANIZATION_SVR_OKOPFCODE EQUAL "75103") | D39: • 001X3015 - ФГБНУ ФИЦ ВИЖ ИМ. Л.К. ЭРНСТА • 001Н4111 - ВНИИФБиП • 001Ж6780 - ВНИИР • 001Ш6386 - ФГБУ "ФЦН" МИНЗДРАВА РОССИИ (Г. НОВОСИБИРСК)
B40: ОКОПФ 75103 - Федеральные государственные бюджетные учреждения
B41: ПИАО.609 Бюджетный учет АУ/БУ.Качество данных доступны к назначению организациям: 001X7288 - ФЕДЕРАЛЬНОЕ ГОСУДАРСТВЕННОЕ БЮДЖЕТНОЕ УЧРЕЖДЕНИЕ "НАЦИОНАЛЬНЫЙ МЕДИЦИНСКИЙ ИССЛЕДОВАТЕЛЬСКИЙ ЦЕНТР ДЕТСКОЙ ГЕМАТОЛОГИИ, ОНКОЛОГИИ И ИММУНОЛОГИИ ИМЕНИ ДМИТРИЯ РОГАЧЕВА" МИНИСТЕРСТВА ЗДРАВООХРАНЕНИЯ РОССИЙСКОЙ ФЕДЕРАЦИИ 001X3015 - ФЕДЕРАЛЬНОЕ ГОСУДАРСТВЕННОЕ БЮДЖЕТНОЕ НАУЧНОЕ УЧРЕЖДЕНИЕ "ФЕДЕРАЛЬНЫЙ ИССЛЕДОВАТЕЛЬСКИЙ ЦЕНТР ЖИВОТНОВОДСТВА - ВИЖ ИМЕНИ АКАДЕМИКА Л.К.ЭРНСТА" 001Н4111 - Всероссийский научно - исследовательский институт физиологии, биохимии и питания животных - филиал федерального государственного бюджетного научного учреждения "Федеральный исследовательский центр животноводства - ВИЖ имени академика Л.К. Эрнста" 001Н4126 - Всероссийский научно - исследовательский институт генетики и разведения сельскохозяйственных животных - филиал федерального государственного бюджетного научного учреждения "Федеральный исследовательский центр животноводства - ВИЖ имени академика Л.К. Эрнста" 001Г4431 - Племенной завод «Ладожский» - филиал федерального государственного бюджетного научного учреждения "Федеральный исследовательский центр животноводства - ВИЖ имени академика Л.К. Эрнста" 001Ж6780 - Всероссийский научно-исследовательский институт интегрированного рыбоводства - филиал федерального государственного бюджетного научного учреждения "Федеральный исследовательский центр животноводства - ВИЖ имени академика Л.К. Эрнста" 001Щ7526 - ФЕДЕРАЛЬНОЕ ГОСУДАРСТВЕННОЕ АВТОНОМНОЕ ОБРАЗОВАТЕЛЬНОЕ УЧРЕЖДЕНИЕ ВЫСШЕГО ОБРАЗОВАНИЯ "РОССИЙСКИЙ УНИВЕРСИТЕТ ДРУЖБЫ НАРОДОВ ИМЕНИ ПАТРИСА ЛУМУМБЫ" 001Щ7982 - СОЧИНСКИЙ ИНСТИТУТ (ФИЛИАЛ) ФЕДЕРАЛЬНОГО ГОСУДАРСТВЕННОГО АВТОНОМНОГО ОБРАЗОВАТЕЛЬНОГО УЧРЕЖДЕНИЯ ВЫСШЕГО ОБРАЗОВАНИЯ "РОССИЙСКИЙ УНИВЕРСИТЕТ ДРУЖБЫ НАРОДОВ ИМЕНИ ПАТРИСА ЛУМУМБЫ" 001X7200 - Федеральное государственное бюджетное образовательное учреждение высшего образования "Санкт - Петербургский государственный университет промышленных технологий и дизайна" 001Ч2390 - Федеральное государственное автономное образовательное учреждение высшего образования "Уральский федеральный университет имени первого Президента России Б.Н. Ельцина" 001НИ6И7 - Комбинат питания "Уральского федерального университета имени первого Президента России Б.Н. Ельцина" 001НИНЖ7 - Центр сопровождения деятельности "Уральского федерального университета имени первого Президента России Б.Н. Ельцина" 001НЖЮЯ6 - Экспериментально - производственный комбинат "Уральского федерального университета имени первого Президента России Б.Н. Ельцина" 001НЖЯ07 - Нижнетагильский технологический институт (филиал) федерального государственного автономного образовательного учреждения высшего образования "Уральский федеральный университет имени первого Президента России Б.Н. Ельцина" | C41: (CURRENT_ORGANIZATION_SVR_ORGCODE EQUAL "001X7288") OR (CURRENT_ORGANIZATION_SVR_ORGCODE EQUAL "001X3015") OR (CURRENT_ORGANIZATION_SVR_ORGCODE EQUAL "001Н4111") OR (CURRENT_ORGANIZATION_SVR_ORGCODE EQUAL "001Н4126") OR (CURRENT_ORGANIZATION_SVR_ORGCODE EQUAL "001Г4431") OR (CURRENT_ORGANIZATION_SVR_ORGCODE EQUAL "001Ж6780") OR (CURRENT_ORGANIZATION_SVR_ORGCODE EQUAL "001Щ7526") OR (CURRENT_ORGANIZATION_SVR_ORGCODE EQUAL "001Щ7982") OR (CURRENT_ORGANIZATION_SVR_ORGCODE EQUAL "001X7200") OR (CURRENT_ORGANIZATION_SVR_ORGCODE EQUAL "001Ч2390") OR (CURRENT_ORGANIZATION_SVR_ORGCODE EQUAL "001НИ6И7") OR (CURRENT_ORGANIZATION_SVR_ORGCODE EQUAL "001НИНЖ7") OR (CURRENT_ORGANIZATION_SVR_ORGCODE EQUAL "001НЖЮЯ6") OR (CURRENT_ORGANIZATION_SVR_ORGCODE EQUAL "001НЖЯ07")
A42: ПИАО.ПАРТИЙНЫЙ ПРОЕКТ | B42: Без ограничений
A43: ПИАО.ЮР. ЛИЦА | B43: Без ограничений | D43: ОБЩЕСТВО С ОГРАНИЧЕННОЙ ОТВЕТСТВЕННОСТЬЮ "НОВЫЙ СЕРВИС": Код по СВР 540У5367
A44: ПИАО.АДМИНИСТРАЦИЯ ПРЕЗИДЕНТА Архив.ПИАО.АДМИНИСТРАЦИЯ ПРЕЗИДЕНТА | B44: Управление делами Президента Российской Федерации: код СВР 00100303 | C44: CURRENT_ORGANIZATION_SVR_ORGCODE EQUAL "00100303") | D44: УПРАВЛЕНИЕ ДЕЛАМИ ПРЕЗИДЕНТА РОССИЙСКОЙ ФЕДЕРАЦИИ (Код по СВР 00100303)
B45: АДМИНИСТРАЦИЯ ПРЕЗИДЕНТА: ИНН7710568760 + КПП771001001 | C45: (CURRENT_ORGANIZATION_INN EQUAL "7710568760") AND (CURRENT_ORGANIZATION_KPP EQUAL "771001001") | D45: АДМИНИСТРАЦИЯ ПРЕЗИДЕНТА
A46: ПИАО.РОИВ | B46: Федеральные органы исполнительной власти: тип организации "Федеральный орган государственной власти, федеральный государственный орган, орган государственной власти субъекта Российской Федерации, государственный орган субъекта Российской Федерации, орган местного самоуправления, в том числе его территориальные органы" (OrgTypeCode=01) + Уровень бюджета - НЕ "Федеральный" (OrgBudgLevelCode=10) | C46: (CURRENT_ORGANIZATION_SVR_ORGTYPECODE EQUAL "01") AND NOT (CURRENT_ORGANIZATION_SVR_ORGBUDGLEVELCODE EQUAL "10")
A48: ПИАО.Администратор | B48: ФЕДЕРАЛЬНОЕ КАЗНАЧЕЙСТВО: Код по СВР 00100100 | C48: (CURRENT_ORGANIZATION_SVR_ORGCODE EQUAL "00100100") | D48: ФЕДЕРАЛЬНОЕ КАЗНАЧЕЙСТВО (Код по СВР 00100100)
B49: ФЕДЕРАЛЬНОЕ КАЗЕННОЕ УЧРЕЖДЕНИЕ "ЦЕНТР ПО ОБЕСПЕЧЕНИЮ ДЕЯТЕЛЬНОСТИ КАЗНАЧЕЙСТВА РОССИИ": Код по СВР 001А7081 | C49: (CURRENT_ORGANIZATION_SVR_ORGCODE EQUAL "001А7081") | D49: ФЕДЕРАЛЬНОЕ КАЗЕННОЕ УЧРЕЖДЕНИЕ "ЦЕНТР ПО ОБЕСПЕЧЕНИЮ ДЕЯТЕЛЬНОСТИ КАЗНАЧЕЙСТВА РОССИИ (Код по СВР 001А7081)
A50: ПИАО.011.Администратор ПИАО.ETL Администратор | B50: ФЕДЕРАЛЬНОЕ КАЗНАЧЕЙСТВО: Код по СВР 00100100 | C50: (CURRENT_ORGANIZATION_SVR_ORGCODE EQUAL "00100100") | D50: ФЕДЕРАЛЬНОЕ КАЗНАЧЕЙСТВО (Код по СВР 00100100)
B51: ФЕДЕРАЛЬНОЕ КАЗЕННОЕ УЧРЕЖДЕНИЕ "ЦЕНТР ПО ОБЕСПЕЧЕНИЮ ДЕЯТЕЛЬНОСТИ КАЗНАЧЕЙСТВА РОССИИ": Код по СВР 001А7081 | C51: (CURRENT_ORGANIZATION_SVR_ORGCODE EQUAL "001А7081") | D51: ФЕДЕРАЛЬНОЕ КАЗЕННОЕ УЧРЕЖДЕНИЕ "ЦЕНТР ПО ОБЕСПЕЧЕНИЮ ДЕЯТЕЛЬНОСТИ КАЗНАЧЕЙСТВА РОССИИ (Код по СВР 001А7081)
B52: ОБЩЕСТВО С ОГРАНИЧЕННОЙ ОТВЕТСТВЕННОСТЬЮ "ОРГАНИЗАЦИОННО-ТЕХНОЛОГИЧЕСКИЕ РЕШЕНИЯ 2000": Код по СВР 450К5861 | C52: (CURRENT_ORGANIZATION_SVR_ORGCODE EQUAL "450К5861") | D52: ООО "ОТР 2000" (Код по СВР 450К586)
B53: ОБЩЕСТВО С ОГРАНИЧЕННОЙ ОТВЕТСТВЕННОСТЬЮ "НПО "КРИСТА": ИНН7707758779+ КПП770701001 | D53: ОБЩЕСТВО С ОГРАНИЧЕННОЙ ОТВЕТСТВЕННОСТЬЮ "НПО "КРИСТА" (ИНН7707758779+ КПП770701001)
A54: ПИАО.Плановый список | B54: ФЕДЕРАЛЬНОЕ КАЗНАЧЕЙСТВО: Код по СВР 00100100 | C54: (CURRENT_ORGANIZATION_SVR_ORGCODE EQUAL "00100100") | D54: ФЕДЕРАЛЬНОЕ КАЗНАЧЕЙСТВО (Код по СВР 00100100)
B55: ОБЩЕСТВО С ОГРАНИЧЕННОЙ ОТВЕТСТВЕННОСТЬЮ "ОРГАНИЗАЦИОННО-ТЕХНОЛОГИЧЕСКИЕ РЕШЕНИЯ 2000": Код по СВР 450К5861 | C55: (CURRENT_ORGANIZATION_SVR_ORGCODE EQUAL "450К5861") | D55: ООО "ОТР 2000" (Код по СВР 450К586)
A56: ПИАО.015.Просмотр неопубликованных дат | B56: ОБЩЕСТВО С ОГРАНИЧЕННОЙ ОТВЕТСТВЕННОСТЬЮ "ОРГАНИЗАЦИОННО-ТЕХНОЛОГИЧЕСКИЕ РЕШЕНИЯ 2000": Код по СВР 450К5861 | C56: (CURRENT_ORGANIZATION_SVR_ORGCODE EQUAL "450К5861") | D56: ООО "ОТР 2000" (Код по СВР 450К586)
B57: ФЕДЕРАЛЬНОЕ КАЗНАЧЕЙСТВО: Код по СВР 00100100 | C57: (CURRENT_ORGANIZATION_SVR_ORGCODE EQUAL "00100100") | D57: ФЕДЕРАЛЬНОЕ КАЗНАЧЕЙСТВО (Код по СВР 00100100)
A58: ПИАО.016.Ввод данных.Согласование даты | B58: ОБЩЕСТВО С ОГРАНИЧЕННОЙ ОТВЕТСТВЕННОСТЬЮ "ОРГАНИЗАЦИОННО-ТЕХНОЛОГИЧЕСКИЕ РЕШЕНИЯ 2000": Код по СВР 450К5861 | C58: (CURRENT_ORGANIZATION_SVR_ORGCODE EQUAL "450К5861") | D58: ООО "ОТР 2000" (Код по СВР 450К586)
A59: ПИОА.017.Согласование даты | B59: ФЕДЕРАЛЬНОЕ КАЗНАЧЕЙСТВО: Код по СВР 00100100 | C59: (CURRENT_ORGANIZATION_SVR_ORGCODE EQUAL "00100100") | D59: ФЕДЕРАЛЬНОЕ КАЗНАЧЕЙСТВО (Код по СВР 00100100)
A60: ПИОА.017.Согласование даты | B60: ОБЩЕСТВО С ОГРАНИЧЕННОЙ ОТВЕТСТВЕННОСТЬЮ "ОРГАНИЗАЦИОННО-ТЕХНОЛОГИЧЕСКИЕ РЕШЕНИЯ 2000": Код по СВР 450К5861 | C60: (CURRENT_ORGANIZATION_SVR_ORGCODE EQUAL "450К5861") | D60: ООО "ОТР 2000" (Код по СВР 450К586)
B61: ФЕДЕРАЛЬНОЕ КАЗНАЧЕЙСТВО: Код по СВР 00100100 | C61: (CURRENT_ORGANIZATION_SVR_ORGCODE EQUAL "00100100") | D61: ФЕДЕРАЛЬНОЕ КАЗНАЧЕЙСТВО (Код по СВР 00100100)
A62: ПИАО.018.Утверждение даты | B62: ОБЩЕСТВО С ОГРАНИЧЕННОЙ ОТВЕТСТВЕННОСТЬЮ "ОРГАНИЗАЦИОННО-ТЕХНОЛОГИЧЕСКИЕ РЕШЕНИЯ 2000": Код по СВР 450К5861 | C62: (CURRENT_ORGANIZATION_SVR_ORGCODE EQUAL "450К5861") | D62: ООО "ОТР 2000" (Код по СВР 450К586)
B63: ФЕДЕРАЛЬНОЕ КАЗНАЧЕЙСТВО: Код по СВР 00100100 | C63: (CURRENT_ORGANIZATION_SVR_ORGCODE EQUAL "00100100") | D63: ФЕДЕРАЛЬНОЕ КАЗНАЧЕЙСТВО (Код по СВР 00100100)
A64: ПИАО.Согласование дат | B64: ОБЩЕСТВО С ОГРАНИЧЕННОЙ ОТВЕТСТВЕННОСТЬЮ "ОРГАНИЗАЦИОННО-ТЕХНОЛОГИЧЕСКИЕ РЕШЕНИЯ 2000": Код по СВР 450К5861 | C64: (CURRENT_ORGANIZATION_SVR_ORGCODE EQUAL "450К5861") | D64: ООО "ОТР 2000" (Код по СВР 450К586)
A65: ПИАО.Согласование дат | B65: ФЕДЕРАЛЬНОЕ КАЗНАЧЕЙСТВО: Код по СВР 00100100 | C65: (CURRENT_ORGANIZATION_SVR_ORGCODE EQUAL "00100100") | D65: ФЕДЕРАЛЬНОЕ КАЗНАЧЕЙСТВО (Код по СВР 00100100)
A66: ПИАО.Сторис ПИАО.020 Сторис. Ввод шаблона ПИАО.022 Сторис. Утверждение шаблона ПИАО.023 Сторис. Ввод запроса на снятие ПИАО.025 Сторис. Утверждение снятия ПИАО.026 Сторис. Просмотр всего | B66: ОБЩЕСТВО С ОГРАНИЧЕННОЙ ОТВЕТСТВЕННОСТЬЮ "ОРГАНИЗАЦИОННО-ТЕХНОЛОГИЧЕСКИЕ РЕШЕНИЯ 2000": Код по СВР 450К5861 | C66: (CURRENT_ORGANIZATION_SVR_ORGCODE EQUAL "450К5861") | D66: ООО "ОТР 2000" (Код по СВР 450К586)
B67: ФЕДЕРАЛЬНОЕ КАЗНАЧЕЙСТВО: Код по СВР 00100100 | C67: (CURRENT_ORGANIZATION_SVR_ORGCODE EQUAL "00100100") | D67: ФЕДЕРАЛЬНОЕ КАЗНАЧЕЙСТВО (Код по СВР 00100100)
B68: ФЕДЕРАЛЬНОЕ КАЗЕННОЕ УЧРЕЖДЕНИЕ "ЦЕНТР ПО ОБЕСПЕЧЕНИЮ ДЕЯТЕЛЬНОСТИ КАЗНАЧЕЙСТВА РОССИИ": Код по СВР 001А7081. | D68: ОБЩЕСТВО С ОГРАНИЧЕННОЙ ОТВЕТСТВЕННОСТЬЮ "НПО "КРИСТА" (ИНН7707758779+ КПП770701001)
B69: ОБЩЕСТВО С ОГРАНИЧЕННОЙ ОТВЕТСТВЕННОСТЬЮ "НПО "КРИСТА": ИНН7707758779+ КПП770701001 | C69: (CURRENT_ORGANIZATION_SVR_ORGCODE EQUAL "001А7081") | D69: ФЕДЕРАЛЬНОЕ КАЗЕННОЕ УЧРЕЖДЕНИЕ "ЦЕНТР ПО ОБЕСПЕЧЕНИЮ ДЕЯТЕЛЬНОСТИ КАЗНАЧЕЙСТВА РОССИИ (Код по СВР 001А7081)
A70: ПИАО.Архив Утверждение | B70: ОБЩЕСТВО С ОГРАНИЧЕННОЙ ОТВЕТСТВЕННОСТЬЮ "ОРГАНИЗАЦИОННО-ТЕХНОЛОГИЧЕСКИЕ РЕШЕНИЯ 2000": Код по СВР 450К5861 | C70: (CURRENT_ORGANIZATION_SVR_ORGCODE EQUAL "450К5861") | D70: ООО "ОТР 2000" (Код по СВР 450К586)
B71: ФЕДЕРАЛЬНОЕ КАЗНАЧЕЙСТВО: Код по СВР 00100100 | C71: (CURRENT_ORGANIZATION_SVR_ORGCODE EQUAL "00100100") | D71: ФЕДЕРАЛЬНОЕ КАЗНАЧЕЙСТВО (Код по СВР 00100100)
B72: ФЕДЕРАЛЬНОЕ КАЗЕННОЕ УЧРЕЖДЕНИЕ "ЦЕНТР ПО ОБЕСПЕЧЕНИЮ ДЕЯТЕЛЬНОСТИ КАЗНАЧЕЙСТВА РОССИИ": Код по СВР 001А7081. | D72: ОБЩЕСТВО С ОГРАНИЧЕННОЙ ОТВЕТСТВЕННОСТЬЮ "НПО "КРИСТА" (ИНН7707758779+ КПП770701001)
B73: ОБЩЕСТВО С ОГРАНИЧЕННОЙ ОТВЕТСТВЕННОСТЬЮ "НПО "КРИСТА": ИНН7707758779+ КПП770701001 | C73: (CURRENT_ORGANIZATION_SVR_ORGCODE EQUAL "001А7081") | D73: ФЕДЕРАЛЬНОЕ КАЗЕННОЕ УЧРЕЖДЕНИЕ "ЦЕНТР ПО ОБЕСПЕЧЕНИЮ ДЕЯТЕЛЬНОСТИ КАЗНАЧЕЙСТВА РОССИИ (Код по СВР 001А7081)
A74: ПИАО.Архив Ввод данных ПИАО.Архив Согласование ПИАО.Архив Просмотр всего | B74: ФЕДЕРАЛЬНОЕ КАЗНАЧЕЙСТВО: Код по СВР 00100100 | C74: (CURRENT_ORGANIZATION_SVR_ORGCODE EQUAL "00100100") | D74: ФЕДЕРАЛЬНОЕ КАЗНАЧЕЙСТВО (Код по СВР 00100100)
B75: ФЕДЕРАЛЬНОЕ КАЗЕННОЕ УЧРЕЖДЕНИЕ "ЦЕНТР ПО ОБЕСПЕЧЕНИЮ ДЕЯТЕЛЬНОСТИ КАЗНАЧЕЙСТВА РОССИИ": Код по СВР 001А7081. | C75: (CURRENT_ORGANIZATION_SVR_ORGCODE EQUAL "001А7081") | D75: ФЕДЕРАЛЬНОЕ КАЗЕННОЕ УЧРЕЖДЕНИЕ "ЦЕНТР ПО ОБЕСПЕЧЕНИЮ ДЕЯТЕЛЬНОСТИ КАЗНАЧЕЙСТВА РОССИИ (Код по СВР 001А7081)
B76: ТОФК: Уровень бюджета - "Федеральный" (OrgBudgLevelCode=10) + код главы - "Федеральное казначейство" (KBKGlavaCode=100) + тип организации "Федеральный орган государственной власти, федеральный государственный орган, орган государственной власти субъекта Российской Федерации, государственный орган субъекта Российской Федерации, орган местного самоуправления, в том числе его территориальные органы" (OrgTypeCode=01) | C76: (CURRENT_ORGANIZATION_SVR_ORGBUDGLEVELCODE EQUAL "10") AND (CURRENT_ORGANIZATION_SVR_KBKGLAVACODE EQUAL "100") AND (CURRENT_ORGANIZATION_SVR_ORGTYPECODE EQUAL "01") | D76: УПРАВЛЕНИЕ ФЕДЕРАЛЬНОГО КАЗНАЧЕЙСТВА ПО УЛЬЯНОВСКОЙ ОБЛАСТИ (Код по СВР 00125854) 00148605 УПРАВЛЕНИЕ ФЕДЕРАЛЬНОГО КАЗНАЧЕЙСТВА ПО КРАСНОДАРСКОМУ КРАЮ (ТОФК)
B77: Подведомственные структуры ФЕДЕРАЛЬНОГО КАЗЕННОГО УЧРЕЖДЕНИЯ "ЦЕНТР ПО ОБЕСПЕЧЕНИЮ ДЕЯТЕЛЬНОСТИ КАЗНАЧЕЙСТВА РОССИИ": Код по СВР организации, в ведении которого находится организация 001А7081 (MainOrgCode=001А7081) | C77: (CURRENT_ORGANIZATION_SVR_MAINORGCODE EQUAL "001А7081") | D77: "МЕЖРЕГИОНАЛЬНЫЙ ФИЛИАЛ ФЕДЕРАЛЬНОГО КАЗЕННОГО УЧРЕЖДЕНИЯ "ЦЕНТР ПО ОБЕСПЕЧЕНИЮ ДЕЯТЕЛЬНОСТИ КАЗНАЧЕЙСТВА РОССИИ" В Г. НИЖНЕМ НОВГОРОДЕ" (Код по СВР 001D1013)
B78: ОБЩЕСТВО С ОГРАНИЧЕННОЙ ОТВЕТСТВЕННОСТЬЮ "ОРГАНИЗАЦИОННО-ТЕХНОЛОГИЧЕСКИЕ РЕШЕНИЯ 2000": Код по СВР 450К5861 | C78: (CURRENT_ORGANIZATION_SVR_ORGCODE EQUAL "450К5861") | D78: ООО "ОТР 2000" (Код по СВР 450К586)
A79: ПИАО.ETL Мониторинг | B79: ОБЩЕСТВО С ОГРАНИЧЕННОЙ ОТВЕТСТВЕННОСТЬЮ "НПО "КРИСТА": ИНН7707758779+ КПП770701001 | C79: (CURRENT_ORGANIZATION_INN EQUAL "7707758779")
B80: ФЕДЕРАЛЬНОЕ КАЗНАЧЕЙСТВО: Код по СВР 00100100 | C80: (CURRENT_ORGANIZATION_SVR_ORGCODE EQUAL "00100100")
B81: Межрегиональное управление Федерального казначейства по централизованной обработке данных Код по СВР 001G2033 | C81: (CURRENT_ORGANIZATION_SVR_ORGCODE EQUAL "001G2033")

Sheet Ролевая матрица_Мониторинг цен
A1: № | B1: Наличие плашки на портале | C1: Наименование каталога | D1: Код отчета | E1: ID ЗО | F1: Состав рубрикаторов | G1: Доступ к данным по своей организации | H1: Доступ к данным по своей организации и подведомственным организациям | I1: Индивидуальные роли (Предметные блоки) | K1: Состав рубрикаторов
I2: ='ID ЗО включенные в роли'!F45 -> ПИАО.1000.Просмотр всего.Мониторинг цен | K2: ПИАО.Мониторинг цен | L2: ПИАО.ETL Администратор | M2: ПИАО.ETL КС 9н(Excel) ФО | N2: ПИАО.ETL КС 9н(XML) ФО | O2: ПИАО.Плановый список | P2: ПИАО.015.Просмотр неопубликованных дат | Q2: ПИАО.016.Ввод данных.Согласование даты | R2: ПИОА.017.Согласование даты | S2: ПИАО.018.Утверждение даты | T2: ПИАО.Согласование дат

Sheet ID ЗО_Роли до реструктуризации
A1: До реструктризации
A2: Роль | B2: Dohod_Rashod_IF_Cash | D2: Dohod | F2: Rashod | H2: IF | J2: Cash | L2: FAIP | N2: Subsidies | P2: Procurement | R2: Treasury_Services | T2: KS | V2: IDRNO | X2: EKS | Y2: MainBook | AA2: MainBook_Quality | AB2: KND | AC2: SGRF | AE2: Data_Quality
B3: report | C3: datamart | D3: report | E3: datamart | F3: report | G3: datamart | H3: report | I3: datamart | J3: report | K3: datamart | L3: report | M3: datamart | N3: report | O3: datamart | P3: report | Q3: datamart | R3: report | S3: datamart | T3: report | U3: datamart | V3: report | W3: datamart | X3: report | Y3: report | Z3: datamart | AA3: report | AB3: report | AC3: report | AD3: datamart | AE3: report | AF3: datamart
A4: ПИАО.ЦАФК Просмотр всего | B4: + | C4: + | D4: + | E4: + | F4: + | G4: + | H4: + | I4: + | J4: + | K4: + | L4: + | M4: + | N4: + | O4: + | P4: + | Q4: + | R4: + | S4: + | T4: + | U4: + | V4: + | W4: + | X4: + | Y4: + | Z4: + | AA4: + | AB4: + | AC4: + | AD4: + | AE4: + | AF4: +
A5: ПИАО.ФК.000 Просмотр всего | B5: + | C5: + | D5: + | E5: + | F5: + | G5: + | H5: + | I5: + | J5: + | K5: + | L5: + | M5: + | N5: + | O5: + | P5: + | Q5: + | R5: + | S5: + | T5: + | U5: + | V5: + | W5: + | X5: + | Y5: + | Z5: + | AA5: + | AB5: + | AC5: + | AD5: + | AE5: + | AF5: +
A6: ПИАО.УО.000 Просмотр всего | B6: + | C6: + | D6: + | E6: + | F6: + | G6: + | H6: + | I6: + | J6: + | K6: + | L6: + | M6: + | N6: + | O6: + | P6: + | Q6: + | R6: + | S6: + | T6: + | U6: + | V6: + | W6: + | X6: + | Y6: + | Z6: + | AA6: + | AB6: + | AC6: + | AD6: + | AE6: + | AF6: +
A7: ПИАО.100 Кассовое планирование и прогнозировнаие | J7: + | K7: +
A8: ПИАО.200 Исполнение бюджетов | B8: + | C8: + | D8: + | E8: + | F8: + | G8: + | L8: + | M8: + | N8: + | O8: + | P8: + | Q8: + | X8: +
A9: ПИАО.300 НП и ГП | F9: + | G9: +
A10: ПИАО.400 Перечни и реестры | B10: + | C10: + | R10: + | S10: +
A11: ПИАО.500 Закупки | P11: + | Q11: +
A12: ПИАО.600 Бюджетный учет | Y12: + | Z12: + | AA12: +
A13: ПИАО.ЦАФК Бюджетный учет | Y13: + | Z13: + | AA13: +
A14: ПИАО.600 Бюджетный учет УО | Y14: + | Z14: + | AA14: +
A15: ПИАО.700 Контроль и надзор | AB15: +
A16: ПИАО.800 Казначейское сопровождение | T16: + | U16: +
A17: ПИАО.900 Статистика госфинансов | AC17: + | AD17: +
A18: ПИАО.ФОИВ.001 Просмотр всего | B18: + | C18: + | D18: + | E18: + | F18: + | G18: + | J18: + | K18: + | L18: + | M18: + | N18: + | O18: + | P18: + | Q18: + | R18: + | S18: + | T18: + | U18: + | Y18: + | Z18: + | AB18: + | AC18: + | AD18: +
A19: ПИАО.101 Кассовое планирование и прогнозировнаие ФОИВ | J19: + | K19: +
A20: ПИАО.201 Исполнение бюджета ФОИВ | B20: + | C20: + | D20: + | E20: + | F20: + | G20: + | L20: + | M20: + | N20: + | O20: + | P20: + | Q20: +
A21: ПИАО.301 НП и ГП ФОИВ | F21: + | G21: +
A22: ПИАО.401 Перечни и реестры ФОИВ | B22: + | C22: + | F22: + | G22: + | R22: + | S22: +
A23: ПИАО.501 Закупки ФОИВ | P23: + | Q23: +
A24: ПИАО.601 Бюджетный учет ФОИВ | Y24: + | Z24: +
A25: ПИАО.601 Бюджетный учет ФОИВ.Качество данных | Y25: + | Z25: + | AA25: +
A26: ПИАО.601 Бюджетный учет ФОИВ.ГРБС | Y26: + | Z26: +
A27: ПИАО.701 Контроль и надзор ФОИВ | AB27: +
A28: ПИАО.801 Казначейское сопровождение ФОИВ | T28: + | U28: +
A29: ПИАО.901 Статистика госфинансов ФОИВ | AC29: + | AD29: +
A30: ПИАО.МФ.002 Просмотр всего | B30: + | C30: + | D30: + | E30: + | F30: + | G30: + | J30: + | K30: + | L30: + | M30: + | N30: + | O30: + | P30: + | Q30: + | R30: + | S30: + | T30: + | U30: + | Y30: + | Z30: + | AB30: + | AC30: + | AD30: +
A31: ПИАО.102 Кассовое планирование и прогнозировнаие МФ | J31: + | K31: +
A32: ПИАО.202 Исполнение бюджета МФ | B32: + | C32: + | D32: + | E32: + | F32: + | G32: + | L32: + | M32: + | N32: + | O32: +
A33: ПИАО.302 НП и ГП МФ | F33: + | G33: +
A34: ПИАО.402 Перечни и реестры МФ | F34: + | G34: + | R34: + | S34: +
A35: ПИАО.502 Закупки МФ | P35: + | Q35: +
A36: ПИАО.602 Бюджетный учет МФ | Y36: + | Z36: +
A37: ПИАО.702 Контроль и надзор МФ | AB37: +
A38: ПИАО.802 Казначейское сопровождение МФ | T38: + | U38: +
A39: ПИАО.902 Статистика госфинансов МФ | AC39: + | AD39: +
A40: ПИАО.ФО.003 Просмотр всего | B40: + | C40: + | D40: + | E40: + | F40: + | G40: + | L40: + | M40: + | N40: + | O40: + | P40: + | Q40: + | R40: + | S40: + | T40: + | U40: + | Y40: + | Z40: +
A41: ПИАО.203 Исполнение бюджета ФО | B41: + | C41: + | D41: + | E41: + | F41: + | G41: + | L41: + | M41: + | N41: + | O41: +
A42: ПИАО.303 НП и ГП ФО | F42: + | G42: +
A43: ПИАО.403 Перечни и реестры ФО | F43: + | G43: + | R43: + | S43: +
A44: ПИАО.503 Закупки МФ | P44: + | Q44: +
A45: ПИАО.803.Полный доступ Казначейское сопровождение ФО | T45: + | U45: +
A46: ПИАО.803.Казначейское сопровождение ФО | T46: + | U46: +
A47: ПИАО.КНО.004 Просмотр всего | B47: + | C47: + | D47: + | E47: + | F47: + | G47: + | J47: + | K47: + | L47: + | M47: + | N47: + | O47: + | P47: + | Q47: + | R47: + | S47: + | T47: + | U47: + | Y47: + | Z47: + | AC47: + | AD47: +
A48: ПИАО.104 Кассовое планирование и прогнозировнаие КНО | J48: + | K48: +
A49: ПИАО.204 Исполнение бюджета КНО | B49: + | C49: + | D49: + | E49: + | F49: + | G49: + | L49: + | M49: + | N49: + | O49: +
A51: ПИАО.304 НП и ГП КНО | F51: + | G51: +
A52: ПИАО.404 Перечни и реестры КНО | F52: + | G52: + | R52: + | S52: +
A53: ПИАО.504 Закупки КНО | P53: + | Q53: +
A54: ПИАО.604 Бюджетный учет КНО | Y54: + | Z54: +
A55: ПИАО.804 Казначейское сопровождение КНО | T55: + | U55: +
A56: ПИАО.904 Статистика госфинансов КНО | AC56: + | AD56: +
A58: ПИАО.ПРАВИТЕЛЬСТВО.005 Просмотр всего | B58: + | C58: + | D58: + | E58: + | F58: + | G58: + | L58: + | M58: + | N58: + | O58: + | P58: + | Q58: + | R58: + | S58: + | Y58: + | Z58: +
A59: ПИАО.205 Исполнение бюджета ПРАВИТЕЛЬСТВО | B59: + | C59: + | D59: + | E59: + | F59: + | G59: + | L59: + | M59: + | N59: + | O59: + | P59: + | Q59: +
A60: ПИАО.305 НП и ГП ПРАВИТЕЛЬСТВО | F60: + | G60: +
A61: ПИАО.405 Перечни и реестры ПРАВИТЕЛЬСТВО | F61: + | G61: + | R61: + | S61: +
A62: ПИАО.605 Бюджетный учет ПРАВИТЕЛЬСТВО | Y62: + | Z62: +
A63: ПИАО.705 Контроль и надзор ПРАВИТЕЛЬСТВО | AB63: +
A64: ПИАО.АУ/БУ.009 Просмотр всего | B64: + | C64: + | F64: + | G64: + | Y64: + | Z64: +
A65: ПИАО.209 Исполнение бюджета АУ/БУ | B65: + | C65: + | F65: + | G65: +
A66: ПИАО.609 Бюджетный учет АУ/БУ | Y66: + | Z66: +
A67: ПИАО.ПАРТИЙНЫЙ ПРОЕКТ.006 Просмотр всего | F67: + | G67: +
A68: ПИАО.206 Исполнение бюджета ПАРТИЙНЫЙ ПРОЕКТ | F68: + | G68: +
A69: ПИАО.АДМИНИСТРАЦИЯ ПРЕЗИДЕНТА.008 Просмотр всего | B69: + | C69: + | D69: + | E69: + | F69: + | G69: + | L69: + | M69: + | N69: + | O69: + | P69: + | Q69: + | R69: + | S69: + | AC69: + | AD69: +
A70: ПИАО.208 Исполнение бюджета АДМИНИСТРАЦИЯ ПРЕЗИДЕНТА | B70: + | C70: + | D70: + | E70: + | F70: + | G70: + | L70: + | M70: + | N70: + | O70: + | P70: + | Q70: +
A71: ПИАО.308 НП и ГП АДМИНИСТРАЦИЯ ПРЕЗИДЕНТА | F71: + | G71: +
A72: ПИАО.408 Перечни и реестры АДМИНИСТРАЦИЯ ПРЕЗИДЕНТА | F72: + | G72: + | R72: + | S72: +
A73: ПИАО.908 Статистика госфинансов АДМИНИСТРАЦИЯ ПРЕЗИДЕНТА | AC73: + | AD73: +
A74: ПИАО.ЮРИДИЧЕСКИЕ ЛИЦА.007 Просмотр всего | T74: + | U74: +

Sheet Фильтрация данных
A1: Отчет | C1: ID защищаемого объекта | D1: Тип защищаемого объекта | E1: Условие
E2: ='Ролевая матрица'!#REF! -> #REF! | F2: ='Ролевая матрица'!#REF! -> #REF! | G2: ='Ролевая матрица'!J8 -> ПИАО.ФОИВ | H2: ='Ролевая матрица'!#REF! -> #REF! | I2: ='Ролевая матрица'!K8 -> ПИАО.ФО | J2: ='Ролевая матрица'!L8 -> ПИАО.КНО | K2: ='Ролевая матрица'!#REF! -> #REF! | L2: ='Ролевая матрица'!M8 -> ЗАКРЫТЫЙ ПИАО.ПАРТИЙНЫЙ ПРОЕКТ | M2: ='Ролевая матрица'!N8 -> ПИАО.АУ/БУ | N2: ='Ролевая матрица'!O8 -> ПИАО.ЮРЛИЦА | O2: ='Ролевая матрица'!#REF! -> #REF! | P2: ='Ролевая матрица'!P8 -> ПИАО.РОИВ | Q2: БЮДЖЕТНЫЙ (БУХГАЛТЕРСКИЙ) УЧЕТ
A3: Наименование отчета | B3: Код отчета | Q3: ='Ролевая матрица'!#REF! -> #REF! | R3: ='Ролевая матрица'!#REF! -> #REF! | S3: ='Ролевая матрица'!#REF! -> #REF! | T3: ='Ролевая матрица'!#REF! -> #REF! | U3: ='Ролевая матрица'!#REF! -> #REF!
A4: ФЕДЕРАЛЬНЫЙ БЮДЖЕТ | E4: +
A5: Основные характеристики бюджета | E5: +
A6: Общая информация | E6: +
A7: Информационная панель: Бюджет ФОИВ | B7: PIAO_196_001_report | C7: datasource_d4622b7d_ffd8_4663_8c57_a352649070ae_grbsParamData | E7: полный доступ | F7: полный доступ | G7: (Owner MATCH CURRENT_ORGANIZATION_SVR_ORGCODE) | H7: - | I7: - | J7: - | K7: - | L7: - | M7: - | N7: - | O7: - | P7: - | Q7: - | R7: - | S7: - | T7: - | U7: -
A11: Расходы
A12: Общая информация
A13: Расходы по ПБС и переданным полномочиям | B13: PIAO_200_001_report | C13: datasource_16419e21_d94d_4742_bccd_bb6eacd0a7cc_PIAO_200_001_ParamGRBS | E13: полный доступ | F13: полный доступ | G13: (Owner MATCH CURRENT_ORGANIZATION_SVR_ORGCODE) OR (ParentOwner MATCH CURRENT_ORGANIZATION_SVR_ORGCODE) OR (OrgCode MATCH CURRENT_ORGANIZATION_SVR_ORGCODE) | H13: полный доступ | I13: - | J13: полный доступ | K13: - | L13: - | M13: - | N13: - | O13: - | P13: - | Q13: - | R13: - | S13: - | T13: - | U13: -
B14: PIAO_200_001_report | C14: datasource_16419e21_d94d_4742_bccd_bb6eacd0a7cc_PIAO_200_001_GridDataProjectGRBS | E14: полный доступ | F14: полный доступ | G14: (Owner MATCH CURRENT_ORGANIZATION_SVR_ORGCODE) OR (ParentOwner MATCH CURRENT_ORGANIZATION_SVR_ORGCODE) | H14: полный доступ | I14: - | J14: полный доступ | K14: - | L14: - | M14: - | N14: - | O14: - | P14: - | Q14: - | R14: - | S14: - | T14: - | U14: -
B15: PIAO_200_001_report | C15: datasource_16419e21_d94d_4742_bccd_bb6eacd0a7cc_PIAO_200_001_GridDataProjectRBS | E15: полный доступ | F15: полный доступ | G15: (Owner MATCH CURRENT_ORGANIZATION_SVR_ORGCODE) OR (ParentOwner MATCH CURRENT_ORGANIZATION_SVR_ORGCODE) | H15: полный доступ | I15: - | J15: полный доступ | K15: - | L15: - | M15: - | N15: - | O15: - | P15: - | Q15: - | R15: - | S15: - | T15: - | U15: -
B16: PIAO_200_001_report | C16: datasource_16419e21_d94d_4742_bccd_bb6eacd0a7cc_PIAO_200_001_GridDataProjectRBSTotal | E16: полный доступ | F16: полный доступ | G16: (Owner MATCH CURRENT_ORGANIZATION_SVR_ORGCODE) OR (ParentOwner MATCH CURRENT_ORGANIZATION_SVR_ORGCODE) | H16: полный доступ | I16: - | J16: полный доступ | K16: - | L16: - | M16: - | N16: - | O16: - | P16: - | Q16: - | R16: - | S16: - | T16: - | U16: -
B17: PIAO_200_001_report | C17: datasource_16419e21_d94d_4742_bccd_bb6eacd0a7cc_PIAO_200_001_GridDataProjectPBS | E17: полный доступ | F17: полный доступ | G17: (Owner MATCH CURRENT_ORGANIZATION_SVR_ORGCODE) OR (ParentOwner MATCH CURRENT_ORGANIZATION_SVR_ORGCODE) OR (OrgCode MATCH CURRENT_ORGANIZATION_SVR_ORGCODE) | H17: полный доступ | I17: - | J17: полный доступ | K17: - | L17: - | M17: - | N17: - | O17: - | P17: - | Q17: - | R17: - | S17: - | T17: - | U17: -
B18: PIAO_200_001_report | C18: datasource_16419e21_d94d_4742_bccd_bb6eacd0a7cc_PIAO_200_001_GridDataProjectPBSTotal | E18: полный доступ | F18: полный доступ | G18: (Owner MATCH CURRENT_ORGANIZATION_SVR_ORGCODE) OR (ParentOwner MATCH CURRENT_ORGANIZATION_SVR_ORGCODE) OR (OrgCode MATCH CURRENT_ORGANIZATION_SVR_ORGCODE) | H18: полный доступ | I18: - | J18: полный доступ | K18: - | L18: - | M18: - | N18: - | O18: - | P18: - | Q18: - | R18: - | S18: - | T18: - | U18: -
B19: PIAO_200_001_report | C19: datasource_16419e21_d94d_4742_bccd_bb6eacd0a7cc_PIAO_200_001_GridDataProjectKBK | E19: полный доступ | F19: полный доступ | G19: (Owner MATCH CURRENT_ORGANIZATION_SVR_ORGCODE) OR (ParentOwner MATCH CURRENT_ORGANIZATION_SVR_ORGCODE) OR (OrgCode MATCH CURRENT_ORGANIZATION_SVR_ORGCODE) | H19: полный доступ | I19: - | J19: полный доступ | K19: - | L19: - | M19: - | N19: - | O19: - | P19: - | Q19: - | R19: - | S19: - | T19: - | U19: -
B20: PIAO_200_001_report | C20: datasource_16419e21_d94d_4742_bccd_bb6eacd0a7cc_PIAO_200_001_GridDataProjectKBKTotal | E20: полный доступ | F20: полный доступ | G20: (Owner MATCH CURRENT_ORGANIZATION_SVR_ORGCODE) OR (ParentOwner MATCH CURRENT_ORGANIZATION_SVR_ORGCODE) OR (OrgCode MATCH CURRENT_ORGANIZATION_SVR_ORGCODE) | H20: полный доступ | I20: - | J20: полный доступ | K20: - | L20: - | M20: - | N20: - | O20: - | P20: - | Q20: - | R20: - | S20: - | T20: - | U20: -
A21: Исполнение ФБ по расходам в разрезе бюджетополучателей | B21: PIAO_173_001_report | C21: datasource_88c7f6be_5f1b_11ec_bf63_0242ac130002_PIAO_173_001_GridDataNoPlan | E21: полный доступ | F21: полный доступ | G21: (Owner MATCH CURRENT_ORGANIZATION_SVR_ORGCODE) OR (ParentOwner MATCH CURRENT_ORGANIZATION_SVR_ORGCODE) | H21: - | I21: - | J21: полный доступ | K21: - | L21: - | M21: - | N21: - | O21: - | P21: - | Q21: - | R21: - | S21: - | T21: - | U21: -
B22: PIAO_173_001_report | C22: datasource_600f6e40_c3a3_498b_900a_48735e2ae0cc_PIAO_173_001_GridDataTotalNoPlan | E22: полный доступ | F22: полный доступ | G22: (Owner MATCH CURRENT_ORGANIZATION_SVR_ORGCODE) OR (ParentOwner MATCH CURRENT_ORGANIZATION_SVR_ORGCODE) | H22: - | I22: - | J22: полный доступ | K22: - | L22: - | M22: - | N22: - | O22: - | P22: - | Q22: - | R22: - | S22: - | T22: - | U22: -
B23: PIAO_173_001_report | C23: datasource_95a6a3f0_b621_4b99_a2d9_54f731a01c23_PIAO_173_001_GridData | E23: полный доступ | F23: полный доступ | G23: (Owner MATCH CURRENT_ORGANIZATION_SVR_ORGCODE) OR (ParentOwner MATCH CURRENT_ORGANIZATION_SVR_ORGCODE) | H23: - | I23: - | J23: полный доступ | K23: - | L23: - | M23: - | N23: - | O23: - | P23: - | Q23: - | R23: - | S23: - | T23: - | U23: -
B24: PIAO_173_001_report | C24: datasource_1fdc871e_b24f_4286_a2c1_7dfbddb057e2_PIAO_173_001_GridDataTotal | E24: полный доступ | F24: полный доступ | G24: (Owner MATCH CURRENT_ORGANIZATION_SVR_ORGCODE) OR (ParentOwner MATCH CURRENT_ORGANIZATION_SVR_ORGCODE) | H24: - | I24: - | J24: полный доступ | K24: - | L24: - | M24: - | N24: - | O24: - | P24: - | Q24: - | R24: - | S24: - | T24: - | U24: -
B25: PIAO_173_001_report | C25: datasource_f836fc90_ee8d_41a9_b660_89dee7b47c0b_PIAO_173_grbsParamData | E25: полный доступ | F25: полный доступ | G25: (Owner MATCH CURRENT_ORGANIZATION_SVR_ORGCODE) OR (ParentOwner MATCH CURRENT_ORGANIZATION_SVR_ORGCODE) | H25: - | I25: - | J25: полный доступ | K25: - | L25: - | M25: - | N25: - | O25: - | P25: - | Q25: - | R25: - | S25: - | T25: - | U25: -
A26: Расходы федерального бюджета | B26: PIAO_169_001_report | C26: datasource_c3505ecd_bad1_4d97_971e_38718d5c0733_PIAO_169_001_GRBS | E26: полный доступ | F26: полный доступ | G26: (KBKGlavaCode MATCH CURRENT_ORGANIZATION_SVR_KBKGLAVACODE) | H26: полный доступ | I26: - | J26: полный доступ | K26: полный доступ | L26: - | M26: - | N26: - | O26: полный доступ | P26: - | Q26: - | R26: - | S26: - | T26: - | U26: -
A27: Расходы федерального бюджета по ТОФК | B27: PIAO_169_003_report | C27: datasource_957ecce8_3b63_4461_b513_74ecbceb1727_PIAO_169_003_GRBS | E27: полный доступ | F27: полный доступ | G27: (KBKGlavaCode MATCH CURRENT_ORGANIZATION_SVR_KBKGLAVACODE) | H27: полный доступ | I27: - | J27: - | K27: - | M27: - | N27: - | O27: - | P27: - | Q27: - | R27: - | S27: - | T27: - | U27: -
A28: Куб: Исполнение ФБ по расходам по ПБС | B28: ExecPBS | C28: dimension_ExecPBS_T_EXECUTIONPBS | E28: полный доступ | F28: полный доступ | G28: (Owner MATCH CURRENT_ORGANIZATION_SVR_ORGCODE) OR (ParentOwner MATCH CURRENT_ORGANIZATION_SVR_ORGCODE) | H28: - | I28: - | J28: полный доступ | K28: - | L28: - | M28: - | N28: - | O28: - | P28: - | Q28: - | R28: - | S28: - | T28: - | U28: -
B29: ExecPBS | C29: dimension_ExecPBS_D_GK_INSTITUTE | E29: полный доступ | F29: полный доступ | G29: (Owner MATCH CURRENT_ORGANIZATION_SVR_ORGCODE) OR (ParentOwner MATCH CURRENT_ORGANIZATION_SVR_ORGCODE) | H29: - | I29: - | J29: полный доступ | K29: - | L29: - | M29: - | N29: - | O29: - | P29: - | Q29: - | R29: - | S29: - | T29: - | U29: -
A30: Уведомления о предоставлении МБ | B30: PIAO_253_002_report | C30: datasource_40cf371f_1251_48ca_91d6_ad05bcbb3817_PIAO_253_002_TOFK | E30: полный доступ | F30: полный доступ | G30: - | H30: полный доступ | I30: ORFKCODE MATCH CURRENT_ORGANIZATION_SVR_ORFKCODE | J30: - | K30: полный доступ | M30: - | N30: - | O30: - | P30: - | Q30: - | R30: - | S30: - | T30: - | U30: -
A32: БЮДЖЕТЫ СУБЪЕКТОВ РОССИЙСКОЙ ФЕДЕРАЦИИ И МЕСТНЫЕ БЮДЖЕТЫ
A33: Основные характеристики бюджета
A36: НАЦИОНАЛЬНЫЕ ПРОЕКТЫ, ГОСУДАРСТВЕННЫЕ ПРОГРАММЫ, СУБСИДИИ
A37: Субсидии
A38: Общая информация
A39: Информационная панель: Межбюджетные трансферты из ФБ субъектам РФ | B39: PIAO_252_001_report | C39: datasource_a8534eae_5280_45cf_a92f_6865d5628109_PIAO_252_TOFK | E39: полный доступ | F39: полный доступ | G39: полный доступ | H39: полный доступ | I39: (ORFKCODE MATCH CURRENT_ORGANIZATION_SVR_ORFKCODE) | J39: - | K39: полный доступ | M39: - | N39: - | O39: - | P39: - | Q39: - | R39: - | S39: - | T39: - | U39: -
A40: Информационная панель: Паспорт межбюджетного трансферта | B40: PIAO_252_003_report | C40: datasource_a8534eae_5280_45cf_a92f_6865d5628109_PIAO_252_TOFK | E40: полный доступ | F40: полный доступ | G40: полный доступ | H40: полный доступ | I40: (ORFKCODE MATCH CURRENT_ORGANIZATION_SVR_ORFKCODE) | J40: - | K40: полный доступ | M40: - | N40: - | O40: - | P40: - | Q40: - | R40: - | S40: - | T40: - | U40: -
B41: PIAO_252_003_report | C41: 252_003_PlanGrbsBoView | D41: navigation | E41: полный доступ | F41: полный доступ | G41: полный доступ | H41: полный доступ | I41: - | J41: - | K41: полный доступ | M41: - | N41: - | O41: - | P41: - | Q41: - | R41: - | S41: - | T41: - | U41: -
B42: PIAO_252_003_report | C42: 252_003_PlanGrbsCashNonExecView | D42: navigation | E42: полный доступ | F42: полный доступ | G42: полный доступ | H42: полный доступ | I42: - | J42: - | K42: полный доступ | N42: - | O42: - | P42: - | Q42: - | R42: - | S42: - | T42: - | U42: -
B43: PIAO_252_003_report | C43: 252_003_PlanGrbsCashMonthView | D43: navigation | E43: полный доступ | F43: полный доступ | G43: полный доступ | H43: полный доступ | I43: - | J43: - | K43: полный доступ | M43: - | N43: - | O43: - | P43: - | Q43: - | R43: - | S43: - | T43: - | U43: -
A44: Межбюджетные трансферты из ФБ субъектам РФ | B44: PIAO_252_002_report | C44: datasource_a8534eae_5280_45cf_a92f_6865d5628109_PIAO_252_TOFK | E44: полный доступ | F44: полный доступ | G44: полный доступ | H44: полный доступ | I44: (ORFKCODE MATCH CURRENT_ORGANIZATION_SVR_ORFKCODE) | J44: - | K44: полный доступ | M44: - | N44: - | O44: - | P44: - | Q44: - | R44: - | S44: - | T44: - | U44: -
B45: PIAO_252_002_report | C45: 252_002_FBMarksView | D45: navigation | E45: полный доступ | F45: полный доступ | G45: полный доступ | H45: полный доступ | I45: - | J45: - | K45: полный доступ | M45: - | N45: - | O45: - | P45: - | Q45: - | R45: - | S45: - | T45: - | U45: -
B46: PIAO_252_002_report | C46: 252_002_FBRisksView | D46: navigation | E46: полный доступ | F46: полный доступ | G46: полный доступ | H46: полный доступ | I46: - | J46: - | K46: полный доступ | M46: - | N46: - | O46: - | P46: - | Q46: - | R46: - | S46: - | T46: - | U46: -
A50: БЮДЖЕТНЫЙ (БУХГАЛТЕРСКИЙ) УЧЕТ | E50: + | H50: + | J50: + | K50: + | Q50: + | R50: + | S50: + | T50: + | U50: +
A51: Сведения о ФХД ФОИВ | E51: + | H51: + | J51: + | K51: + | Q51: + | R51: + | S51: + | T51: + | U51: +
A52: Информационная панель: Риск-мониторинг возникновения просроченной дебиторской задолженности по расходам федерального бюджета | B52: PIAO_103_003_mainBookRiskDebtExp | C52: datasource_7ceef6e7_a203_423d_8f16_cf6b2e5047ed_PIAO_103_003_kvsrParamData | E52: полный доступ | F52: - | G52: - | H52: - | I52: - | J52: - | K52: - | L52: - | M52: - | N52: - | O52: - | P52: - | Q52: полный доступ | R52: (KBKGlavaCode MATCH CURRENT_ORGANIZATION_SVR_KBKGLAVACODE) | S52: ((Owner MATCH CURRENT_ORGANIZATION_SVR_ORGCODE) OR (ParentOwner MATCH CURRENT_ORGANIZATION_SVR_ORGCODE) OR (coordinator MATCH CURRENT_ORGANIZATION_SVR_ORGCODE)) | T52: (OrgCode MATCH CURRENT_ORGANIZATION_SVR_ORGCODE) | U52: (OrgCode MATCH CURRENT_ORGANIZATION_SVR_ORGCODE)
B53: PIAO_103_003_mainBookRiskDebtExp | C53: datasource_7ceef6e7_a203_423d_8f16_cf6b2e5047ed_PIAO_103_003_instituteParamData | E53: полный доступ | F53: - | G53: - | H53: - | I53: - | J53: - | K53: - | L53: - | M53: - | N53: - | O53: - | P53: - | Q53: полный доступ | R53: (KBKGlavaCode MATCH CURRENT_ORGANIZATION_SVR_KBKGLAVACODE) | S53: ((Owner MATCH CURRENT_ORGANIZATION_SVR_ORGCODE) OR (ParentOwner MATCH CURRENT_ORGANIZATION_SVR_ORGCODE) OR (coordinator MATCH CURRENT_ORGANIZATION_SVR_ORGCODE)) | T53: (OrgCode MATCH CURRENT_ORGANIZATION_SVR_ORGCODE) | U53: (OrgCode MATCH CURRENT_ORGANIZATION_SVR_ORGCODE)
B54: PIAO_103_003_mainBookRiskDebtExp | C54: datasource_7ceef6e7_a203_423d_8f16_cf6b2e5047ed_PIAO_103_003_tofkParamData | E54: полный доступ | F54: - | G54: - | H54: - | I54: - | J54: - | K54: - | L54: - | M54: - | N54: - | O54: - | P54: - | Q54: полный доступ | R54: (KBKGlavaCode MATCH CURRENT_ORGANIZATION_SVR_KBKGLAVACODE) | S54: ((Owner MATCH CURRENT_ORGANIZATION_SVR_ORGCODE) OR (ParentOwner MATCH CURRENT_ORGANIZATION_SVR_ORGCODE) OR (coordinator MATCH CURRENT_ORGANIZATION_SVR_ORGCODE)) | T54: (OrgCode MATCH CURRENT_ORGANIZATION_SVR_ORGCODE) | U54: (OrgCode MATCH CURRENT_ORGANIZATION_SVR_ORGCODE)
B55: PIAO_103_003_mainBookRiskDebtExp | C55: datasource_PIAO_103_003_fact | E55: полный доступ | F55: - | G55: - | H55: - | I55: - | J55: - | K55: - | L55: - | M55: - | N55: - | O55: - | P55: - | Q55: полный доступ | R55: (KBKGlavaCode MATCH CURRENT_ORGANIZATION_SVR_KBKGLAVACODE) | S55: ((Owner MATCH CURRENT_ORGANIZATION_SVR_ORGCODE) OR (ParentOwner MATCH CURRENT_ORGANIZATION_SVR_ORGCODE) OR (coordinator MATCH CURRENT_ORGANIZATION_SVR_ORGCODE)) | T55: (OrgCode MATCH CURRENT_ORGANIZATION_SVR_ORGCODE) | U55: (OrgCode MATCH CURRENT_ORGANIZATION_SVR_ORGCODE)
A56: Сведения о ФХД ФОИВ | B56: PIAO_103_003_mainBookAccreditationReport | C56: datasource_7ceef6e7_a203_423d_8f16_cf6b2e5047ed_PIAO_103_003_kvsrParamData | E56: полный доступ | F56: - | G56: - | H56: - | I56: - | J56: - | K56: - | L56: - | M56: - | N56: - | O56: - | P56: - | Q56: полный доступ | R56: (KBKGlavaCode MATCH CURRENT_ORGANIZATION_SVR_KBKGLAVACODE) | S56: ((Owner MATCH CURRENT_ORGANIZATION_SVR_ORGCODE) OR (ParentOwner MATCH CURRENT_ORGANIZATION_SVR_ORGCODE) OR (coordinator MATCH CURRENT_ORGANIZATION_SVR_ORGCODE)) | T56: (OrgCode MATCH CURRENT_ORGANIZATION_SVR_ORGCODE) | U56: (OrgCode MATCH CURRENT_ORGANIZATION_SVR_ORGCODE)
B57: PIAO_103_003_mainBookAccreditationReport | C57: datasource_7ceef6e7_a203_423d_8f16_cf6b2e5047ed_PIAO_103_003_instituteParamData | E57: полный доступ | F57: - | G57: - | H57: - | I57: - | J57: - | K57: - | L57: - | M57: - | N57: - | O57: - | P57: - | Q57: полный доступ | R57: (KBKGlavaCode MATCH CURRENT_ORGANIZATION_SVR_KBKGLAVACODE) | S57: ((Owner MATCH CURRENT_ORGANIZATION_SVR_ORGCODE) OR (ParentOwner MATCH CURRENT_ORGANIZATION_SVR_ORGCODE) OR (coordinator MATCH CURRENT_ORGANIZATION_SVR_ORGCODE)) | T57: (OrgCode MATCH CURRENT_ORGANIZATION_SVR_ORGCODE) | U57: (OrgCode MATCH CURRENT_ORGANIZATION_SVR_ORGCODE)
B58: PIAO_103_003_mainBookAccreditationReport | C58: datasource_7ceef6e7_a203_423d_8f16_cf6b2e5047ed_PIAO_103_003_tofkParamData | E58: полный доступ | F58: - | G58: - | H58: - | I58: - | J58: - | K58: - | L58: - | M58: - | N58: - | O58: - | P58: - | Q58: полный доступ | R58: (KBKGlavaCode MATCH CURRENT_ORGANIZATION_SVR_KBKGLAVACODE) | S58: ((Owner MATCH CURRENT_ORGANIZATION_SVR_ORGCODE) OR (ParentOwner MATCH CURRENT_ORGANIZATION_SVR_ORGCODE) OR (coordinator MATCH CURRENT_ORGANIZATION_SVR_ORGCODE)) | T58: (OrgCode MATCH CURRENT_ORGANIZATION_SVR_ORGCODE) | U58: (OrgCode MATCH CURRENT_ORGANIZATION_SVR_ORGCODE)
B59: PIAO_103_003_mainBookAccreditationReport | C59: datasource_PIAO_103_003_fact | E59: полный доступ | F59: - | G59: - | H59: - | I59: - | J59: - | K59: - | L59: - | M59: - | N59: - | O59: - | P59: - | Q59: полный доступ | R59: (KBKGlavaCode MATCH CURRENT_ORGANIZATION_SVR_KBKGLAVACODE) | S59: ((Owner MATCH CURRENT_ORGANIZATION_SVR_ORGCODE) OR (ParentOwner MATCH CURRENT_ORGANIZATION_SVR_ORGCODE) OR (coordinator MATCH CURRENT_ORGANIZATION_SVR_ORGCODE)) | T59: (OrgCode MATCH CURRENT_ORGANIZATION_SVR_ORGCODE) | U59: (OrgCode MATCH CURRENT_ORGANIZATION_SVR_ORGCODE)
A60: Дебиторская и кредиторская задолженность | B60: PIAO_103_003_mainBookDKZ | C60: datasource_7ceef6e7_a203_423d_8f16_cf6b2e5047ed_PIAO_103_003_kvsrParamData | E60: полный доступ | F60: - | G60: - | H60: - | I60: - | J60: - | K60: - | L60: - | M60: - | N60: - | O60: - | P60: - | Q60: полный доступ | R60: (KBKGlavaCode MATCH CURRENT_ORGANIZATION_SVR_KBKGLAVACODE) | S60: ((Owner MATCH CURRENT_ORGANIZATION_SVR_ORGCODE) OR (ParentOwner MATCH CURRENT_ORGANIZATION_SVR_ORGCODE) OR (coordinator MATCH CURRENT_ORGANIZATION_SVR_ORGCODE)) | T60: (OrgCode MATCH CURRENT_ORGANIZATION_SVR_ORGCODE) | U60: (OrgCode MATCH CURRENT_ORGANIZATION_SVR_ORGCODE)
B61: PIAO_103_003_mainBookDKZ | C61: datasource_7ceef6e7_a203_423d_8f16_cf6b2e5047ed_PIAO_103_003_instituteParamData | E61: полный доступ | F61: - | G61: - | H61: - | I61: - | J61: - | K61: - | L61: - | M61: - | N61: - | O61: - | P61: - | Q61: полный доступ | R61: (KBKGlavaCode MATCH CURRENT_ORGANIZATION_SVR_KBKGLAVACODE) | S61: ((Owner MATCH CURRENT_ORGANIZATION_SVR_ORGCODE) OR (ParentOwner MATCH CURRENT_ORGANIZATION_SVR_ORGCODE) OR (coordinator MATCH CURRENT_ORGANIZATION_SVR_ORGCODE)) | T61: (OrgCode MATCH CURRENT_ORGANIZATION_SVR_ORGCODE) | U61: (OrgCode MATCH CURRENT_ORGANIZATION_SVR_ORGCODE)
B62: PIAO_103_003_mainBookDKZ | C62: datasource_7ceef6e7_a203_423d_8f16_cf6b2e5047ed_PIAO_103_003_tofkParamData | E62: полный доступ | F62: - | G62: - | H62: - | I62: - | J62: - | K62: - | L62: - | M62: - | N62: - | O62: - | P62: - | Q62: полный доступ | R62: (KBKGlavaCode MATCH CURRENT_ORGANIZATION_SVR_KBKGLAVACODE) | S62: ((Owner MATCH CURRENT_ORGANIZATION_SVR_ORGCODE) OR (ParentOwner MATCH CURRENT_ORGANIZATION_SVR_ORGCODE) OR (coordinator MATCH CURRENT_ORGANIZATION_SVR_ORGCODE)) | T62: (OrgCode MATCH CURRENT_ORGANIZATION_SVR_ORGCODE) | U62: (OrgCode MATCH CURRENT_ORGANIZATION_SVR_ORGCODE)
B63: PIAO_103_003_mainBookDKZ | C63: datasource_PIAO_103_003_fact | E63: полный доступ | F63: - | G63: - | H63: - | I63: - | J63: - | K63: - | L63: - | M63: - | N63: - | O63: - | P63: - | Q63: полный доступ | R63: (KBKGlavaCode MATCH CURRENT_ORGANIZATION_SVR_KBKGLAVACODE) | S63: ((Owner MATCH CURRENT_ORGANIZATION_SVR_ORGCODE) OR (ParentOwner MATCH CURRENT_ORGANIZATION_SVR_ORGCODE) OR (coordinator MATCH CURRENT_ORGANIZATION_SVR_ORGCODE)) | T63: (OrgCode MATCH CURRENT_ORGANIZATION_SVR_ORGCODE) | U63: (OrgCode MATCH CURRENT_ORGANIZATION_SVR_ORGCODE)
A64: Сведения о ФХД ФОИВ. Качество данных. | B64: PIAO_103_003_mainBookDataQualityReport | C64: datasource_7ceef6e7_a203_423d_8f16_cf6b2e5047ed_PIAO_103_003_kvsrParamData | E64: полный доступ | F64: - | G64: - | H64: - | I64: - | J64: - | K64: - | L64: - | M64: - | N64: - | O64: - | P64: - | Q64: полный доступ | R64: (KBKGlavaCode MATCH CURRENT_ORGANIZATION_SVR_KBKGLAVACODE) | S64: ((Owner MATCH CURRENT_ORGANIZATION_SVR_ORGCODE) OR (ParentOwner MATCH CURRENT_ORGANIZATION_SVR_ORGCODE) OR (coordinator MATCH CURRENT_ORGANIZATION_SVR_ORGCODE)) | T64: (OrgCode MATCH CURRENT_ORGANIZATION_SVR_ORGCODE) | U64: (OrgCode MATCH CURRENT_ORGANIZATION_SVR_ORGCODE)
B65: PIAO_103_003_mainBookDataQualityReport | C65: datasource_7ceef6e7_a203_423d_8f16_cf6b2e5047ed_PIAO_103_003_instituteParamData | E65: полный доступ | F65: - | G65: - | H65: - | I65: - | J65: - | K65: - | L65: - | M65: - | N65: - | O65: - | P65: - | Q65: полный доступ | R65: (KBKGlavaCode MATCH CURRENT_ORGANIZATION_SVR_KBKGLAVACODE) | S65: ((Owner MATCH CURRENT_ORGANIZATION_SVR_ORGCODE) OR (ParentOwner MATCH CURRENT_ORGANIZATION_SVR_ORGCODE) OR (coordinator MATCH CURRENT_ORGANIZATION_SVR_ORGCODE)) | T65: (OrgCode MATCH CURRENT_ORGANIZATION_SVR_ORGCODE) | U65: (OrgCode MATCH CURRENT_ORGANIZATION_SVR_ORGCODE)
B66: PIAO_103_003_mainBookDataQualityReport | C66: datasource_7ceef6e7_a203_423d_8f16_cf6b2e5047ed_PIAO_103_003_tofkParamData | E66: полный доступ | F66: - | G66: - | H66: - | I66: - | J66: - | K66: - | L66: - | M66: - | N66: - | O66: - | P66: - | Q66: полный доступ | R66: (KBKGlavaCode MATCH CURRENT_ORGANIZATION_SVR_KBKGLAVACODE) | S66: ((Owner MATCH CURRENT_ORGANIZATION_SVR_ORGCODE) OR (ParentOwner MATCH CURRENT_ORGANIZATION_SVR_ORGCODE) OR (coordinator MATCH CURRENT_ORGANIZATION_SVR_ORGCODE)) | T66: (OrgCode MATCH CURRENT_ORGANIZATION_SVR_ORGCODE) | U66: (OrgCode MATCH CURRENT_ORGANIZATION_SVR_ORGCODE)
B67: PIAO_103_003_mainBookDataQualityReport | C67: datasource_PIAO_103_003_fact | E67: полный доступ | F67: - | G67: - | H67: - | I67: - | J67: - | K67: - | L67: - | M67: - | N67: - | O67: - | P67: - | Q67: полный доступ | R67: (KBKGlavaCode MATCH CURRENT_ORGANIZATION_SVR_KBKGLAVACODE) | S67: ((Owner MATCH CURRENT_ORGANIZATION_SVR_ORGCODE) OR (ParentOwner MATCH CURRENT_ORGANIZATION_SVR_ORGCODE) OR (coordinator MATCH CURRENT_ORGANIZATION_SVR_ORGCODE)) | T67: (OrgCode MATCH CURRENT_ORGANIZATION_SVR_ORGCODE) | U67: (OrgCode MATCH CURRENT_ORGANIZATION_SVR_ORGCODE)
A68: Нефинансовые активы | B68: PIAO_103_003_mainBookNFA | C68: datasource_7ceef6e7_a203_423d_8f16_cf6b2e5047ed_PIAO_103_003_kvsrParamData | E68: полный доступ | F68: - | G68: - | H68: - | I68: - | J68: - | K68: - | L68: - | M68: - | N68: - | O68: - | P68: - | Q68: полный доступ | R68: (KBKGlavaCode MATCH CURRENT_ORGANIZATION_SVR_KBKGLAVACODE) | S68: ((Owner MATCH CURRENT_ORGANIZATION_SVR_ORGCODE) OR (ParentOwner MATCH CURRENT_ORGANIZATION_SVR_ORGCODE) OR (coordinator MATCH CURRENT_ORGANIZATION_SVR_ORGCODE)) | T68: (OrgCode MATCH CURRENT_ORGANIZATION_SVR_ORGCODE) | U68: (OrgCode MATCH CURRENT_ORGANIZATION_SVR_ORGCODE)
B69: PIAO_103_003_mainBookNFA | C69: datasource_7ceef6e7_a203_423d_8f16_cf6b2e5047ed_PIAO_103_003_instituteParamData | E69: полный доступ | F69: - | G69: - | H69: - | I69: - | J69: - | K69: - | L69: - | M69: - | N69: - | O69: - | P69: - | Q69: полный доступ | R69: (KBKGlavaCode MATCH CURRENT_ORGANIZATION_SVR_KBKGLAVACODE) | S69: ((Owner MATCH CURRENT_ORGANIZATION_SVR_ORGCODE) OR (ParentOwner MATCH CURRENT_ORGANIZATION_SVR_ORGCODE) OR (coordinator MATCH CURRENT_ORGANIZATION_SVR_ORGCODE)) | T69: (OrgCode MATCH CURRENT_ORGANIZATION_SVR_ORGCODE) | U69: (OrgCode MATCH CURRENT_ORGANIZATION_SVR_ORGCODE)
B70: PIAO_103_003_mainBookNFA | C70: datasource_7ceef6e7_a203_423d_8f16_cf6b2e5047ed_PIAO_103_003_tofkParamData | E70: полный доступ | F70: - | G70: - | H70: - | I70: - | J70: - | K70: - | L70: - | M70: - | N70: - | O70: - | P70: - | Q70: полный доступ | R70: (KBKGlavaCode MATCH CURRENT_ORGANIZATION_SVR_KBKGLAVACODE) | S70: ((Owner MATCH CURRENT_ORGANIZATION_SVR_ORGCODE) OR (ParentOwner MATCH CURRENT_ORGANIZATION_SVR_ORGCODE) OR (coordinator MATCH CURRENT_ORGANIZATION_SVR_ORGCODE)) | T70: (OrgCode MATCH CURRENT_ORGANIZATION_SVR_ORGCODE) | U70: (OrgCode MATCH CURRENT_ORGANIZATION_SVR_ORGCODE)
B71: PIAO_103_003_mainBookNFA | C71: datasource_PIAO_103_003_fact | E71: полный доступ | F71: - | G71: - | H71: - | I71: - | J71: - | K71: - | L71: - | M71: - | N71: - | O71: - | P71: - | Q71: полный доступ | R71: (KBKGlavaCode MATCH CURRENT_ORGANIZATION_SVR_KBKGLAVACODE) | S71: ((Owner MATCH CURRENT_ORGANIZATION_SVR_ORGCODE) OR (ParentOwner MATCH CURRENT_ORGANIZATION_SVR_ORGCODE) OR (coordinator MATCH CURRENT_ORGANIZATION_SVR_ORGCODE)) | T71: (OrgCode MATCH CURRENT_ORGANIZATION_SVR_ORGCODE) | U71: (OrgCode MATCH CURRENT_ORGANIZATION_SVR_ORGCODE)
A72: Единый электронный реестр должников федерального бюджета по неналоговым платежам | B72: PIAO_103_003_mainBookDebtor | C72: datasource_7ceef6e7_a203_423d_8f16_cf6b2e5047ed_PIAO_103_003_kvsrParamData | E72: полный доступ | F72: - | G72: - | H72: - | I72: - | J72: - | K72: - | L72: - | M72: - | N72: - | O72: - | P72: - | Q72: полный доступ | R72: (KBKGlavaCode MATCH CURRENT_ORGANIZATION_SVR_KBKGLAVACODE) | S72: ((Owner MATCH CURRENT_ORGANIZATION_SVR_ORGCODE) OR (ParentOwner MATCH CURRENT_ORGANIZATION_SVR_ORGCODE) OR (coordinator MATCH CURRENT_ORGANIZATION_SVR_ORGCODE)) | T72: (OrgCode MATCH CURRENT_ORGANIZATION_SVR_ORGCODE) | U72: (OrgCode MATCH CURRENT_ORGANIZATION_SVR_ORGCODE)
B73: PIAO_103_003_mainBookDebtor | C73: datasource_7ceef6e7_a203_423d_8f16_cf6b2e5047ed_PIAO_103_003_instituteParamData | E73: полный доступ | F73: - | G73: - | H73: - | I73: - | J73: - | K73: - | L73: - | M73: - | N73: - | O73: - | P73: - | Q73: полный доступ | R73: (KBKGlavaCode MATCH CURRENT_ORGANIZATION_SVR_KBKGLAVACODE) | S73: ((Owner MATCH CURRENT_ORGANIZATION_SVR_ORGCODE) OR (ParentOwner MATCH CURRENT_ORGANIZATION_SVR_ORGCODE) OR (coordinator MATCH CURRENT_ORGANIZATION_SVR_ORGCODE)) | T73: (OrgCode MATCH CURRENT_ORGANIZATION_SVR_ORGCODE) | U73: (OrgCode MATCH CURRENT_ORGANIZATION_SVR_ORGCODE)
B74: PIAO_103_003_mainBookDebtor | C74: datasource_7ceef6e7_a203_423d_8f16_cf6b2e5047ed_PIAO_103_003_tofkParamData | E74: полный доступ | F74: - | G74: - | H74: - | I74: - | J74: - | K74: - | L74: - | M74: - | N74: - | O74: - | P74: - | Q74: полный доступ | R74: (KBKGlavaCode MATCH CURRENT_ORGANIZATION_SVR_KBKGLAVACODE) | S74: ((Owner MATCH CURRENT_ORGANIZATION_SVR_ORGCODE) OR (ParentOwner MATCH CURRENT_ORGANIZATION_SVR_ORGCODE) OR (coordinator MATCH CURRENT_ORGANIZATION_SVR_ORGCODE)) | T74: (OrgCode MATCH CURRENT_ORGANIZATION_SVR_ORGCODE) | U74: (OrgCode MATCH CURRENT_ORGANIZATION_SVR_ORGCODE)
B75: PIAO_103_003_mainBookDebtor | C75: datasource_PIAO_103_003_fact | E75: полный доступ | F75: - | G75: - | H75: - | I75: - | J75: - | K75: - | L75: - | M75: - | N75: - | O75: - | P75: - | Q75: полный доступ | R75: (KBKGlavaCode MATCH CURRENT_ORGANIZATION_SVR_KBKGLAVACODE) | S75: ((Owner MATCH CURRENT_ORGANIZATION_SVR_ORGCODE) OR (ParentOwner MATCH CURRENT_ORGANIZATION_SVR_ORGCODE) OR (coordinator MATCH CURRENT_ORGANIZATION_SVR_ORGCODE)) | T75: (OrgCode MATCH CURRENT_ORGANIZATION_SVR_ORGCODE) | U75: (OrgCode MATCH CURRENT_ORGANIZATION_SVR_ORGCODE)
A76: Куб: Главная книга ФОИВ | B76: MAINBOOK165 | C76: dimension_FOT_ALL_CH_View_distr_view_f_fot_numbercharge | E76: полный доступ | F76: - | G76: - | H76: - | I76: - | J76: - | K76: - | L76: - | M76: - | N76: - | O76: - | P76: - | Q76: полный доступ | R76: (KBKGlavaCode MATCH CURRENT_ORGANIZATION_SVR_KBKGLAVACODE) | S76: ((Owner MATCH CURRENT_ORGANIZATION_SVR_ORGCODE) OR (ParentOwner MATCH CURRENT_ORGANIZATION_SVR_ORGCODE) OR (coordinator MATCH CURRENT_ORGANIZATION_SVR_ORGCODE)) | T76: (OrgCode MATCH CURRENT_ORGANIZATION_SVR_ORGCODE) | U76: (OrgCode MATCH CURRENT_ORGANIZATION_SVR_ORGCODE)
A77: Куб: Баланс | B77: MAINBOOKBALANCE | C77: dimension_FOT_ALL_CH_View_distr_view_f_fot_numbercharge | E77: полный доступ | F77: - | G77: - | H77: - | I77: - | J77: - | K77: - | L77: - | M77: - | N77: - | O77: - | P77: - | Q77: полный доступ | R77: (KBKGlavaCode MATCH CURRENT_ORGANIZATION_SVR_KBKGLAVACODE) | S77: ((Owner MATCH CURRENT_ORGANIZATION_SVR_ORGCODE) OR (ParentOwner MATCH CURRENT_ORGANIZATION_SVR_ORGCODE) OR (coordinator MATCH CURRENT_ORGANIZATION_SVR_ORGCODE)) | T77: (OrgCode MATCH CURRENT_ORGANIZATION_SVR_ORGCODE) | U77: (OrgCode MATCH CURRENT_ORGANIZATION_SVR_ORGCODE)
A78: Куб: Исполнение бюджета по доходам | B78: MAINBOOKBUGEXECINCOMES | C78: dimension_FOT_ALL_CH_View_distr_view_f_fot_numbercharge | E78: полный доступ | F78: - | G78: - | H78: - | I78: - | J78: - | K78: - | L78: - | M78: - | N78: - | O78: - | P78: - | Q78: полный доступ | R78: (KBKGlavaCode MATCH CURRENT_ORGANIZATION_SVR_KBKGLAVACODE) | S78: ((Owner MATCH CURRENT_ORGANIZATION_SVR_ORGCODE) OR (ParentOwner MATCH CURRENT_ORGANIZATION_SVR_ORGCODE) OR (coordinator MATCH CURRENT_ORGANIZATION_SVR_ORGCODE)) | T78: (OrgCode MATCH CURRENT_ORGANIZATION_SVR_ORGCODE) | U78: (OrgCode MATCH CURRENT_ORGANIZATION_SVR_ORGCODE)
A79: Куб: Исполнение бюджета по расходам | B79: MAINBOOKBUGEXECOUTCOMES | C79: dimension_FOT_ALL_CH_View_distr_view_f_fot_numbercharge | E79: полный доступ | F79: - | G79: - | H79: - | I79: - | J79: - | K79: - | L79: - | M79: - | N79: - | O79: - | P79: - | Q79: полный доступ | R79: (KBKGlavaCode MATCH CURRENT_ORGANIZATION_SVR_KBKGLAVACODE) | S79: ((Owner MATCH CURRENT_ORGANIZATION_SVR_ORGCODE) OR (ParentOwner MATCH CURRENT_ORGANIZATION_SVR_ORGCODE) OR (coordinator MATCH CURRENT_ORGANIZATION_SVR_ORGCODE)) | T79: (OrgCode MATCH CURRENT_ORGANIZATION_SVR_ORGCODE) | U79: (OrgCode MATCH CURRENT_ORGANIZATION_SVR_ORGCODE)
A80: Куб: Исполнение бюджета по источникам | B80: MAINBOOKBUGEXECSOUCES | C80: dimension_FOT_ALL_CH_View_distr_view_f_fot_numbercharge | E80: полный доступ | F80: - | G80: - | H80: - | I80: - | J80: - | K80: - | L80: - | M80: - | N80: - | O80: - | P80: - | Q80: полный доступ | R80: (KBKGlavaCode MATCH CURRENT_ORGANIZATION_SVR_KBKGLAVACODE) | S80: ((Owner MATCH CURRENT_ORGANIZATION_SVR_ORGCODE) OR (ParentOwner MATCH CURRENT_ORGANIZATION_SVR_ORGCODE) OR (coordinator MATCH CURRENT_ORGANIZATION_SVR_ORGCODE)) | T80: (OrgCode MATCH CURRENT_ORGANIZATION_SVR_ORGCODE) | U80: (OrgCode MATCH CURRENT_ORGANIZATION_SVR_ORGCODE)
A81: Куб: НФА - Список объектов | B81: MAINBOOKNFA | C81: dimension_FOT_ALL_CH_View_distr_view_f_fot_numbercharge | E81: полный доступ | F81: - | G81: - | H81: - | I81: - | J81: - | K81: - | L81: - | M81: - | N81: - | O81: - | P81: - | Q81: полный доступ | R81: (KBKGlavaCode MATCH CURRENT_ORGANIZATION_SVR_KBKGLAVACODE) | S81: ((Owner MATCH CURRENT_ORGANIZATION_SVR_ORGCODE) OR (ParentOwner MATCH CURRENT_ORGANIZATION_SVR_ORGCODE) OR (coordinator MATCH CURRENT_ORGANIZATION_SVR_ORGCODE)) | T81: (OrgCode MATCH CURRENT_ORGANIZATION_SVR_ORGCODE) | U81: (OrgCode MATCH CURRENT_ORGANIZATION_SVR_ORGCODE)
A82: Куб: Дебиторская и кредиторская задолженность (Доходы) | B82: MAINBOOKDKZINC | C82: dimension_FOT_ALL_CH_View_distr_view_f_fot_numbercharge | E82: полный доступ | F82: - | G82: - | H82: - | I82: - | J82: - | K82: - | L82: - | M82: - | N82: - | O82: - | P82: - | Q82: полный доступ | R82: (KBKGlavaCode MATCH CURRENT_ORGANIZATION_SVR_KBKGLAVACODE) | S82: ((Owner MATCH CURRENT_ORGANIZATION_SVR_ORGCODE) OR (ParentOwner MATCH CURRENT_ORGANIZATION_SVR_ORGCODE) OR (coordinator MATCH CURRENT_ORGANIZATION_SVR_ORGCODE)) | T82: (OrgCode MATCH CURRENT_ORGANIZATION_SVR_ORGCODE) | U82: (OrgCode MATCH CURRENT_ORGANIZATION_SVR_ORGCODE)
A83: Куб: Дебиторская и кредиторская задолженность (Расходы) | B83: MAINBOOKDKZOUT | C83: dimension_FOT_ALL_CH_View_distr_view_f_fot_numbercharge | E83: полный доступ | F83: - | G83: - | H83: - | I83: - | J83: - | K83: - | L83: - | M83: - | N83: - | O83: - | P83: - | Q83: полный доступ | R83: (KBKGlavaCode MATCH CURRENT_ORGANIZATION_SVR_KBKGLAVACODE) | S83: ((Owner MATCH CURRENT_ORGANIZATION_SVR_ORGCODE) OR (ParentOwner MATCH CURRENT_ORGANIZATION_SVR_ORGCODE) OR (coordinator MATCH CURRENT_ORGANIZATION_SVR_ORGCODE)) | T83: (OrgCode MATCH CURRENT_ORGANIZATION_SVR_ORGCODE) | U83: (OrgCode MATCH CURRENT_ORGANIZATION_SVR_ORGCODE)
A84: Куб: Статистика загрузки | B84: MAINBOOKGKLOADALL | C84: dimension_FOT_ALL_CH_View_distr_view_f_fot_numbercharge | E84: полный доступ | F84: - | G84: - | H84: - | I84: - | J84: - | K84: - | L84: - | M84: - | N84: - | O84: - | P84: - | Q84: полный доступ | R84: (KBKGlavaCode MATCH CURRENT_ORGANIZATION_SVR_KBKGLAVACODE) | S84: ((Owner MATCH CURRENT_ORGANIZATION_SVR_ORGCODE) OR (ParentOwner MATCH CURRENT_ORGANIZATION_SVR_ORGCODE) OR (coordinator MATCH CURRENT_ORGANIZATION_SVR_ORGCODE)) | T84: (OrgCode MATCH CURRENT_ORGANIZATION_SVR_ORGCODE) | U84: (OrgCode MATCH CURRENT_ORGANIZATION_SVR_ORGCODE)
A85: Сведения о ФОТ ФОИВ | E85: + | H85: + | J85: + | K85: + | Q85: + | R85: + | S85: + | T85: + | U85: +
A86: Информационная панель: Сведения о ФОТ ФОИВ | B86: PIAO_188_004_report | C86: dimension_FOT_ALL_CH_View_distr_view_f_fot_numbercharge | E86: полный доступ | F86: - | G86: - | H86: - | I86: - | J86: - | K86: - | L86: - | M86: - | N86: - | O86: - | P86: - | Q86: полный доступ | R86: (KBKGlavaCode MATCH CURRENT_ORGANIZATION_SVR_KBKGLAVACODE) | S86: ((Owner MATCH CURRENT_ORGANIZATION_SVR_ORGCODE) OR (ParentOwner MATCH CURRENT_ORGANIZATION_SVR_ORGCODE) OR (coordinator MATCH CURRENT_ORGANIZATION_SVR_ORGCODE)) | T86: (OrgCode MATCH CURRENT_ORGANIZATION_SVR_ORGCODE) | U86: (OrgCode MATCH CURRENT_ORGANIZATION_SVR_ORGCODE)
A87: Сведения о ФОТ ФОИВ | B87: PIAO_103_001_Analiz_FOTReport_82_view_CH | C87: dimension_FOT_ALL_CH_View_distr_view_f_fot_numbercharge | E87: полный доступ | F87: - | G87: - | H87: - | I87: - | J87: - | K87: - | L87: - | M87: - | N87: - | O87: - | P87: - | Q87: полный доступ | R87: (KBKGlavaCode MATCH CURRENT_ORGANIZATION_SVR_KBKGLAVACODE) | S87: ((Owner MATCH CURRENT_ORGANIZATION_SVR_ORGCODE) OR (ParentOwner MATCH CURRENT_ORGANIZATION_SVR_ORGCODE) OR (coordinator MATCH CURRENT_ORGANIZATION_SVR_ORGCODE)) | T87: (OrgCode MATCH CURRENT_ORGANIZATION_SVR_ORGCODE) | U87: (OrgCode MATCH CURRENT_ORGANIZATION_SVR_ORGCODE)
A88: Сведения о ФОТ ФОИВ. Качество данных | B88: PIAO_103_001_Analiz_FOTReport_85 | C88: datasource_7ceef6e7_a203_423d_8f16_cf6b2e5047ed_PIAO_103_003_kvsrParamData | E88: полный доступ | F88: - | G88: - | H88: полный доступ | I88: - | J88: полный доступ | K88: полный доступ | L88: - | M88: - | N88: - | O88: - | P88: - | Q88: полный доступ | R88: (KBKGlavaCode MATCH CURRENT_ORGANIZATION_SVR_KBKGLAVACODE) | S88: ((Owner MATCH CURRENT_ORGANIZATION_SVR_ORGCODE) OR (ParentOwner MATCH CURRENT_ORGANIZATION_SVR_ORGCODE) OR (coordinator MATCH CURRENT_ORGANIZATION_SVR_ORGCODE)) | T88: (OrgCode MATCH CURRENT_ORGANIZATION_SVR_ORGCODE) | U88: (OrgCode MATCH CURRENT_ORGANIZATION_SVR_ORGCODE)
B89: PIAO_103_001_Analiz_FOTReport_86 | C89: datasource_7ceef6e7_a203_423d_8f16_cf6b2e5047ed_PIAO_103_003_instituteParamData | E89: полный доступ | F89: - | G89: - | H89: полный доступ | I89: - | J89: полный доступ | K89: полный доступ | L89: - | M89: - | N89: - | O89: - | P89: - | Q89: полный доступ | R89: (KBKGlavaCode MATCH CURRENT_ORGANIZATION_SVR_KBKGLAVACODE) | S89: ((Owner MATCH CURRENT_ORGANIZATION_SVR_ORGCODE) OR (ParentOwner MATCH CURRENT_ORGANIZATION_SVR_ORGCODE) OR (coordinator MATCH CURRENT_ORGANIZATION_SVR_ORGCODE)) | T89: (OrgCode MATCH CURRENT_ORGANIZATION_SVR_ORGCODE) | U89: (OrgCode MATCH CURRENT_ORGANIZATION_SVR_ORGCODE)
B90: PIAO_103_001_Analiz_FOTReport_87 | C90: datasource_7ceef6e7_a203_423d_8f16_cf6b2e5047ed_PIAO_103_003_tofkParamData | E90: полный доступ | F90: - | G90: - | H90: полный доступ | I90: - | J90: полный доступ | K90: полный доступ | L90: - | M90: - | N90: - | O90: - | P90: - | Q90: полный доступ | R90: (KBKGlavaCode MATCH CURRENT_ORGANIZATION_SVR_KBKGLAVACODE) | S90: ((Owner MATCH CURRENT_ORGANIZATION_SVR_ORGCODE) OR (ParentOwner MATCH CURRENT_ORGANIZATION_SVR_ORGCODE) OR (coordinator MATCH CURRENT_ORGANIZATION_SVR_ORGCODE)) | T90: (OrgCode MATCH CURRENT_ORGANIZATION_SVR_ORGCODE) | U90: (OrgCode MATCH CURRENT_ORGANIZATION_SVR_ORGCODE)
B91: PIAO_103_001_Analiz_FOTReport_88 | C91: datasource_PIAO_103_003_fact | E91: полный доступ | F91: - | G91: - | H91: полный доступ | I91: - | J91: полный доступ | K91: полный доступ | L91: - | M91: - | N91: - | O91: - | P91: - | Q91: полный доступ | R91: (KBKGlavaCode MATCH CURRENT_ORGANIZATION_SVR_KBKGLAVACODE) | S91: ((Owner MATCH CURRENT_ORGANIZATION_SVR_ORGCODE) OR (ParentOwner MATCH CURRENT_ORGANIZATION_SVR_ORGCODE) OR (coordinator MATCH CURRENT_ORGANIZATION_SVR_ORGCODE)) | T91: (OrgCode MATCH CURRENT_ORGANIZATION_SVR_ORGCODE) | U91: (OrgCode MATCH CURRENT_ORGANIZATION_SVR_ORGCODE)
A92: Сведения о ФХД АУ/БУ | E92: + | H92: + | J92: + | K92: + | Q92: + | R92: + | S92: + | T92: + | U92: +
A93: Сведения о ФХД АУ/БУ | B93: PIAO_103_003_mainBookFHDAUBU | C93: datasource_9b178d7d_548d_4fa1_9029_fd75c711087_PIAO_103_003_kvsrParamData | E93: полный доступ | F93: - | G93: - | H93: полный доступ | I93: - | J93: полный доступ | K93: полный доступ | L93: - | M93: - | N93: - | O93: - | P93: - | Q93: полный доступ | R93: (KBKGlavaCode MATCH CURRENT_ORGANIZATION_SVR_KBKGLAVACODE) | S93: ((Owner MATCH CURRENT_ORGANIZATION_SVR_ORGCODE) OR (ParentOwner MATCH CURRENT_ORGANIZATION_SVR_ORGCODE) OR (coordinator MATCH CURRENT_ORGANIZATION_SVR_ORGCODE)) | T93: (OrgCode MATCH CURRENT_ORGANIZATION_SVR_ORGCODE) | U93: ((OrgCode MATCH CURRENT_ORGANIZATION_SVR_ORGCODE) OR (MainOrgCode MATCH CURRENT_ORGANIZATION_SVR_ORGCODE))
B94: PIAO_103_003_mainBookFHDAUBU | C94: datasource_9b178d7d_548d_4fa1_9029_fd75c711087_PIAO_103_003_instituteParamData | E94: полный доступ | F94: - | G94: - | H94: полный доступ | I94: - | J94: полный доступ | K94: полный доступ | L94: - | M94: - | N94: - | O94: - | P94: - | Q94: полный доступ | R94: (KBKGlavaCode MATCH CURRENT_ORGANIZATION_SVR_KBKGLAVACODE) | S94: ((Owner MATCH CURRENT_ORGANIZATION_SVR_ORGCODE) OR (ParentOwner MATCH CURRENT_ORGANIZATION_SVR_ORGCODE) OR (coordinator MATCH CURRENT_ORGANIZATION_SVR_ORGCODE)) | T94: (OrgCode MATCH CURRENT_ORGANIZATION_SVR_ORGCODE) | U94: ((OrgCode MATCH CURRENT_ORGANIZATION_SVR_ORGCODE) OR (MainOrgCode MATCH CURRENT_ORGANIZATION_SVR_ORGCODE))
B95: PIAO_103_003_mainBookFHDAUBU | C95: datasource_9b178d7d_548d_4fa1_9029_fd75c711087_PIAO_103_003_tofkParamData | E95: полный доступ | F95: - | G95: - | H95: полный доступ | I95: - | J95: полный доступ | K95: полный доступ | L95: - | M95: - | N95: - | O95: - | P95: - | Q95: полный доступ | R95: (KBKGlavaCode MATCH CURRENT_ORGANIZATION_SVR_KBKGLAVACODE) | S95: ((Owner MATCH CURRENT_ORGANIZATION_SVR_ORGCODE) OR (ParentOwner MATCH CURRENT_ORGANIZATION_SVR_ORGCODE) OR (coordinator MATCH CURRENT_ORGANIZATION_SVR_ORGCODE)) | T95: (OrgCode MATCH CURRENT_ORGANIZATION_SVR_ORGCODE) | U95: ((OrgCode MATCH CURRENT_ORGANIZATION_SVR_ORGCODE) OR (MainOrgCode MATCH CURRENT_ORGANIZATION_SVR_ORGCODE))
B96: PIAO_103_003_mainBookFHDAUBU | C96: datasource_PIAO_103_003_factAUBU | E96: полный доступ | F96: - | G96: - | H96: полный доступ | I96: - | J96: полный доступ | K96: полный доступ | L96: - | M96: - | N96: - | O96: - | P96: - | Q96: полный доступ | R96: (KBKGlavaCode MATCH CURRENT_ORGANIZATION_SVR_KBKGLAVACODE) | S96: ((Owner MATCH CURRENT_ORGANIZATION_SVR_ORGCODE) OR (ParentOwner MATCH CURRENT_ORGANIZATION_SVR_ORGCODE) OR (coordinator MATCH CURRENT_ORGANIZATION_SVR_ORGCODE)) | T96: (OrgCode MATCH CURRENT_ORGANIZATION_SVR_ORGCODE) | U96: ((OrgCode MATCH CURRENT_ORGANIZATION_SVR_ORGCODE) OR (MainOrgCode MATCH CURRENT_ORGANIZATION_SVR_ORGCODE))
A97: Нефинансовые активы АУ/БУ | B97: PIAO_103_003_mainBookNFAAUBU | C97: datasource_9b178d7d_548d_4fa1_9029_fd75c711087_PIAO_103_003_kvsrParamData | E97: полный доступ | F97: - | G97: - | H97: полный доступ | I97: - | J97: полный доступ | K97: полный доступ | L97: - | M97: - | N97: - | O97: - | P97: - | Q97: полный доступ | R97: (KBKGlavaCode MATCH CURRENT_ORGANIZATION_SVR_KBKGLAVACODE) | S97: ((Owner MATCH CURRENT_ORGANIZATION_SVR_ORGCODE) OR (ParentOwner MATCH CURRENT_ORGANIZATION_SVR_ORGCODE) OR (coordinator MATCH CURRENT_ORGANIZATION_SVR_ORGCODE)) | T97: (OrgCode MATCH CURRENT_ORGANIZATION_SVR_ORGCODE) | U97: ((OrgCode MATCH CURRENT_ORGANIZATION_SVR_ORGCODE) OR (MainOrgCode MATCH CURRENT_ORGANIZATION_SVR_ORGCODE))
B98: PIAO_103_003_mainBookNFAAUBU | C98: datasource_9b178d7d_548d_4fa1_9029_fd75c711087_PIAO_103_003_instituteParamData | E98: полный доступ | F98: - | G98: - | H98: полный доступ | I98: - | J98: полный доступ | K98: полный доступ | L98: - | M98: - | N98: - | O98: - | P98: - | Q98: полный доступ | R98: (KBKGlavaCode MATCH CURRENT_ORGANIZATION_SVR_KBKGLAVACODE) | S98: ((Owner MATCH CURRENT_ORGANIZATION_SVR_ORGCODE) OR (ParentOwner MATCH CURRENT_ORGANIZATION_SVR_ORGCODE) OR (coordinator MATCH CURRENT_ORGANIZATION_SVR_ORGCODE)) | T98: (OrgCode MATCH CURRENT_ORGANIZATION_SVR_ORGCODE) | U98: ((OrgCode MATCH CURRENT_ORGANIZATION_SVR_ORGCODE) OR (MainOrgCode MATCH CURRENT_ORGANIZATION_SVR_ORGCODE))
B99: PIAO_103_003_mainBookNFAAUBU | C99: datasource_9b178d7d_548d_4fa1_9029_fd75c711087_PIAO_103_003_tofkParamData | E99: полный доступ | F99: - | G99: - | H99: полный доступ | I99: - | J99: полный доступ | K99: полный доступ | L99: - | M99: - | N99: - | O99: - | P99: - | Q99: полный доступ | R99: (KBKGlavaCode MATCH CURRENT_ORGANIZATION_SVR_KBKGLAVACODE) | S99: ((Owner MATCH CURRENT_ORGANIZATION_SVR_ORGCODE) OR (ParentOwner MATCH CURRENT_ORGANIZATION_SVR_ORGCODE) OR (coordinator MATCH CURRENT_ORGANIZATION_SVR_ORGCODE)) | T99: (OrgCode MATCH CURRENT_ORGANIZATION_SVR_ORGCODE) | U99: ((OrgCode MATCH CURRENT_ORGANIZATION_SVR_ORGCODE) OR (MainOrgCode MATCH CURRENT_ORGANIZATION_SVR_ORGCODE))
B100: PIAO_103_003_mainBookNFAAUBU | C100: datasource_PIAO_103_003_factAUBU | E100: полный доступ | F100: - | G100: - | H100: полный доступ | I100: - | J100: полный доступ | K100: полный доступ | L100: - | M100: - | N100: - | O100: - | P100: - | Q100: полный доступ | R100: (KBKGlavaCode MATCH CURRENT_ORGANIZATION_SVR_KBKGLAVACODE) | S100: ((Owner MATCH CURRENT_ORGANIZATION_SVR_ORGCODE) OR (ParentOwner MATCH CURRENT_ORGANIZATION_SVR_ORGCODE) OR (coordinator MATCH CURRENT_ORGANIZATION_SVR_ORGCODE)) | T100: (OrgCode MATCH CURRENT_ORGANIZATION_SVR_ORGCODE) | U100: ((OrgCode MATCH CURRENT_ORGANIZATION_SVR_ORGCODE) OR (MainOrgCode MATCH CURRENT_ORGANIZATION_SVR_ORGCODE))
A101: Дебиторская и кредиторская задолженность АУ/БУ | B101: PIAO_103_003_mainBookDKZAUBU | C101: datasource_9b178d7d_548d_4fa1_9029_fd75c711087_PIAO_103_003_kvsrParamData | E101: полный доступ | F101: - | G101: - | H101: полный доступ | I101: - | J101: полный доступ | K101: полный доступ | L101: - | M101: - | N101: - | O101: - | P101: - | Q101: полный доступ | R101: (KBKGlavaCode MATCH CURRENT_ORGANIZATION_SVR_KBKGLAVACODE) | S101: ((Owner MATCH CURRENT_ORGANIZATION_SVR_ORGCODE) OR (ParentOwner MATCH CURRENT_ORGANIZATION_SVR_ORGCODE) OR (coordinator MATCH CURRENT_ORGANIZATION_SVR_ORGCODE)) | T101: (OrgCode MATCH CURRENT_ORGANIZATION_SVR_ORGCODE) | U101: ((OrgCode MATCH CURRENT_ORGANIZATION_SVR_ORGCODE) OR (MainOrgCode MATCH CURRENT_ORGANIZATION_SVR_ORGCODE))
B102: PIAO_103_003_mainBookFHDAUBU | C102: datasource_9b178d7d_548d_4fa1_9029_fd75c711087_PIAO_103_003_instituteParamData | E102: полный доступ | F102: - | G102: - | H102: полный доступ | I102: - | J102: полный доступ | K102: полный доступ | L102: - | M102: - | N102: - | O102: - | P102: - | Q102: полный доступ | R102: (KBKGlavaCode MATCH CURRENT_ORGANIZATION_SVR_KBKGLAVACODE) | S102: ((Owner MATCH CURRENT_ORGANIZATION_SVR_ORGCODE) OR (ParentOwner MATCH CURRENT_ORGANIZATION_SVR_ORGCODE) OR (coordinator MATCH CURRENT_ORGANIZATION_SVR_ORGCODE)) | T102: (OrgCode MATCH CURRENT_ORGANIZATION_SVR_ORGCODE) | U102: ((OrgCode MATCH CURRENT_ORGANIZATION_SVR_ORGCODE) OR (MainOrgCode MATCH CURRENT_ORGANIZATION_SVR_ORGCODE))
B103: PIAO_103_003_mainBookFHDAUBU | C103: datasource_9b178d7d_548d_4fa1_9029_fd75c711087_PIAO_103_003_tofkParamData | E103: полный доступ | F103: - | G103: - | H103: полный доступ | I103: - | J103: полный доступ | K103: полный доступ | L103: - | M103: - | N103: - | O103: - | P103: - | Q103: полный доступ | R103: (KBKGlavaCode MATCH CURRENT_ORGANIZATION_SVR_KBKGLAVACODE) | S103: ((Owner MATCH CURRENT_ORGANIZATION_SVR_ORGCODE) OR (ParentOwner MATCH CURRENT_ORGANIZATION_SVR_ORGCODE) OR (coordinator MATCH CURRENT_ORGANIZATION_SVR_ORGCODE)) | T103: (OrgCode MATCH CURRENT_ORGANIZATION_SVR_ORGCODE) | U103: ((OrgCode MATCH CURRENT_ORGANIZATION_SVR_ORGCODE) OR (MainOrgCode MATCH CURRENT_ORGANIZATION_SVR_ORGCODE))
B104: PIAO_103_003_mainBookFHDAUBU | C104: datasource_PIAO_103_003_factAUBU | E104: полный доступ | F104: - | G104: - | H104: полный доступ | I104: - | J104: полный доступ | K104: полный доступ | L104: - | M104: - | N104: - | O104: - | P104: - | Q104: полный доступ | R104: (KBKGlavaCode MATCH CURRENT_ORGANIZATION_SVR_KBKGLAVACODE) | S104: ((Owner MATCH CURRENT_ORGANIZATION_SVR_ORGCODE) OR (ParentOwner MATCH CURRENT_ORGANIZATION_SVR_ORGCODE) OR (coordinator MATCH CURRENT_ORGANIZATION_SVR_ORGCODE)) | T104: (OrgCode MATCH CURRENT_ORGANIZATION_SVR_ORGCODE) | U104: ((OrgCode MATCH CURRENT_ORGANIZATION_SVR_ORGCODE) OR (MainOrgCode MATCH CURRENT_ORGANIZATION_SVR_ORGCODE))

Sheet ID ЗО включенные в роли
A1: Название ролей | G1: ID защищаемого объекта | H1: Тип защищаемого объекта | Q1: Защищаемые элементы навигации портала
A2: Код и название роли | E2: Системное имя роли | F2: Название роли в ПОИБ СОБИ ФК | H2: Отчет | I2: Витрина данных | J2: ETL сценарий | K2: Рубрикатор | L2: Файловый репозиторий | Q2: Создать шаблон сторис | R2: Просмотр запущенных сценариев всех пользователей | S2: Главный отчет | T2: Информационные панели | U2: Витрины | V2: Избранное | W2: Репозиторий содержимого | X2: Поиск | Y2: Уведомления | Z2: Конструктор отчетов | AA2: Очередь загрузок | AB2: Диспетчер ETL-сценариев | AC2: Настройки пользователя | AD2: О системе | AE2: Перейти к формуляру | AF2: Редактировать копию
H3: report | I3: datamart | J3: etlscript | K3: rubric | L3: etl_storage | Q3: navigation | R3: navigation | S3: navigation | T3: navigation | U3: navigation | V3: navigation | W3: navigation | X3: navigation | Y3: navigation | Z3: navigation | AA3: navigation | AB3: navigation | AC3: navigation | AD3: navigation | AE3: navigation | AF3: navigation
L4: CLOVER_AGENT | M4: IN_FO_TREASURYSUP | N4: OUT_FO_TREASURYSUP | O4: CLOVER_AGENT_POSTGRESQL | P4: NET | Q4: repositoryExplorer_storyCreation | R4: etl_instances | S4: navigationPanel_report | T4: navigationPanel_dashboards | U4: navigationPanel_datamart | V4: navigationPanel_favorites | W4: navigationPanel_contentExplorer | X4: navigationPanel_search | Y4: navigationPanel_notifications | Z4: navigationPanel_onOpenMDXExpert | AA4: navigationPanel_onOpenPrinterQueue | AB4: navigationPanel_etl | AC4: navigationPanel_settings | AD4: navigationPanel_onClickInfoButton | AE4: reportRouter_reportForm | AF4: reportRouter_reportEdit
A5: Индивидуальные роли
A6: 100 | B6: Исполнение бюджета | E6: PIAO_100_Dohod_Rashod_IF_Cash | F6: ="ПИАО."&A6&"."&B6 -> ПИАО.100.Исполнение бюджета | G6: Dohod_Rashod_IF_Cash | H6: + | I6: +
G7: Dohod | H7: + | I7: +
G8: Rashod | H8: + | I8: +
G9: IF | H9: + | I9: +
G10: Cash | H10: + | I10: +
G11: FAIP | H11: + | I11: +
G12: Subsidies | H12: + | I12: +
G13: Procurement | H13: + | I13: +
G14: Open_api | H14: + | I14: +
B15: 110 | C15: Доходы | E15: PIAO_110_Dohod | F15: ="ПИАО."&B15&"."&C15 -> ПИАО.110.Доходы | G15: Dohod | H15: + | I15: +
B16: 120 | C16: Расходы | E16: PIAO_120_Rashod | F16: ="ПИАО."&B16&"."&C16 -> ПИАО.120.Расходы | G16: Rashod | H16: + | I16: +
G17: FAIP | H17: + | I17: +
G18: Subsidies | H18: + | I18: +
G19: Procurement | H19: + | I19: +
G20: Open_api | H20: + | I20: +
C21: 121 | D21: Строительство | E21: PIAO_121_FAIP | F21: ="ПИАО."&C21&"."&D21 -> ПИАО.121.Строительство | G21: FAIP | H21: + | I21: +
G22: Open_api | H22: + | I22: +
C23: 122 | D23: Субсидии | E23: PIAO_122_Subsidies | F23: ="ПИАО."&C23&"."&D23 -> ПИАО.122.Субсидии | G23: Subsidies | H23: + | I23: +
C24: 123 | D24: Закупки ТРУ | E24: PIAO_123_Procurement | F24: ="ПИАО."&C24&"."&D24 -> ПИАО.123.Закупки ТРУ | G24: Procurement | H24: + | I24: +
B25: 130 | C25: Источники финансирования | E25: PIAO_130_IF | F25: ="ПИАО."&B25&"."&C25 -> ПИАО.130.Источники финансирования | G25: IF | H25: + | I25: +
B26: 140 | C26: Кассовое планирование | E26: PIAO_140_Cash | F26: ="ПИАО."&B26&"."&C26 -> ПИАО.140.Кассовое планирование | G26: Cash | H26: + | I26: +
A27: 200 | B27: Казначейское обслуживание | E27: PIAO_200_Treasury Services | F27: ="ПИАО."&A27&"."&B27 -> ПИАО.200.Казначейское обслуживание | G27: Treasury_Services | H27: + | I27: +
A28: 300 | B28: Казначейское сопровождение | E28: PIAO_300_KS | F28: ="ПИАО."&A28&"."&B28 -> ПИАО.300.Казначейское сопровождение | G28: KS | H28: + | I28: +
A29: 400 | B29: Юридическая деятельность | E29: PIAO_400_Legal activity | F29: ="ПИАО."&A29&"."&B29 -> ПИАО.400.Юридическая деятельность | G29: IDRNO | H29: + | I29: +
A30: 500 | B30: Единый казначейский счет | E30: PIAO_500_EKS | F30: ="ПИАО."&A30&"."&B30 -> ПИАО.500.Единый казначейский счет | G30: EKS | H30: + | I30: +
A31: 600 | B31: 601 | C31: Бюджетный учет.Полный доступ | E31: PIAO_601_FHD_Polnyi_dostup | F31: ="ПИАО."&B31&"."&C31 -> ПИАО.601.Бюджетный учет.Полный доступ | G31: MainBook | H31: + | I31: +
G32: MainBook_Quality | H32: +
B33: 602 | C33: Бюджетный учет.Глава | E33: PIAO_602_FHD_Glava | F33: ="ПИАО."&B33&"."&C33 -> ПИАО.602.Бюджетный учет.Глава | G33: MainBook | H33: + | I33: +
B34: 603 | C34: Бюджетный учет.УО | E34: PIAO_603_FHD_UO | F34: ="ПИАО."&B34&"."&C34 -> ПИАО.603.Бюджетный учет.УО | G34: MainBook | H34: + | I34: +
G35: MainBook_Quality | H35: +
B36: 604 | C36: Бюджетный учет.Субъект учета | E36: PIAO_604_FHD_Subekt_ucheta | F36: ="ПИАО."&B36&"."&C36 -> ПИАО.604.Бюджетный учет.Субъект учета | G36: MainBook | H36: + | I36: +
B37: 605 | C37: Бюджетный учет.Тех_интеграция | E37: PIAO_605_FHD_Quality | F37: ="ПИАО."&B37&"."&C37 -> ПИАО.605.Бюджетный учет.Тех_интеграция | G37: MainBook | H37: + | I37: +
G38: MainBook_Quality | H38: +
A39: 700 | B39: Контроль и надзор | E39: PIAO_700_KND | F39: ="ПИАО."&A39&"."&B39 -> ПИАО.700.Контроль и надзор | G39: KND | H39: + | I39: +
A40: 800 | B40: Статистика государственных финансов | E40: PIAO_800_SGRF | F40: ="ПИАО."&A40&"."&B40 -> ПИАО.800.Статистика государственных финансов | G40: SGRF | H40: + | I40: +
A41: 900 | B41: 901 | C41: Резервный фонд | E41: PIAO_901_Rezervnyi_fond | F41: ="ПИАО."&B41&"."&C41 -> ПИАО.901.Резервный фонд | G41: Rezerv | H41: + | I41: +
B42: 902 | C42: Резервный фонд_Полный доступ | E42: PIAO_902_Rezervnyi_fond_Polnyi_dostup | F42: ="ПИАО."&B42&"."&C42 -> ПИАО.902.Резервный фонд_Полный доступ | G42: Rezerv | H42: + | I42: +
B43: 903 | C43: Резервный фонд_ДСП | E43: PIAO_901_Rezervnyi_fond_DSP | F43: ="ПИАО."&B43&"."&C43 -> ПИАО.903.Резервный фонд_ДСП | G43: Rezerv_DSP | H43: + | I43: +
B44: 904 | C44: Резервный фонд_Полный доступ_ДСП | E44: PIAO_902_Rezervnyi_fond_Polnyi_dostup_DSP | F44: ="ПИАО."&B44&"."&C44 -> ПИАО.904.Резервный фонд_Полный доступ_ДСП | G44: Rezerv_DSP | H44: + | I44: +
A45: 1000 | B45: Просмотр всего.Мониторинг цен | E45: PIAO_1000_Prosmotr_vsego_Monitoring_cen | F45: ="ПИАО."&A45&"."&B45 -> ПИАО.1000.Просмотр всего.Мониторинг цен | G45: MONCON | H45: + | I45: +
A46: 1100 | B46: Казначейский мониторинг | E46: PIAO_1100_Kaznachejskij_monitoring | F46: ="ПИАО."&A46&"."&B46 -> ПИАО.1100.Казначейский мониторинг | G46: KM | H46: + | I46: +
B47: Мониторинг рисков | E47: PIAO_Monitoring_riskov | F47: ="ПИАО."&B47 -> ПИАО.Мониторинг рисков | G47: MONITORING_RISKOV | H47: + | I47: +
A48: 000 | B48: Просмотр всего | E48: PIAO_000_Prosmotr vsego | F48: ="ПИАО."&A48&"."&B48 -> ПИАО.000.Просмотр всего | G48: Dohod_Rashod_IF_Cash | H48: + | I48: +
G49: Dohod | H49: + | I49: +
G50: Rashod | H50: + | I50: +
G51: IF | H51: + | I51: +
G52: Cash | H52: + | I52: +
G53: FAIP | H53: + | I53: +
G54: Subsidies | H54: + | I54: +
G55: Procurement | H55: + | I55: +
G56: Treasury_Services | H56: + | I56: +
G57: KS | H57: + | I57: +
G58: Legal_activity | H58: + | I58: +
G59: EKS | H59: + | I59: +
G60: MainBook | H60: + | I60: +
... G65: Data_Quality | H65: + | I65: +
A66: Роли ETL
A67: ETL | B67: Администратор | E67: BIR_PIAO_ETL_Administrator | F67: ="ПИАО."&A67&" "&B67 -> ПИАО.ETL Администратор | G67: PIAO | J67: + | L67: + | M67: + | N67: + | O67: + | P67: + | R67: + | AB67: +
G68: MGOZ | J68: +
G69: RISK | J69: +
G70: EPBS_PIAO_0011_FOTREASURYSUP_LOCAL | J70: +
G71: EPBS_PIAO_0073_FOTREASURYSUP_XML_LOCAL | J71: +
G72: ETL_MANAGER | H72: + | I72: +
A73: ETL | B73: КС 9н(Excel) ФО | E73: BIR_PIAO_ETL_KS_9n_Excel__FO | F73: ="ПИАО."&A73&" "&B73 -> ПИАО.ETL КС 9н(Excel) ФО | G73: EPBS_PIAO_0011_FOTREASURYSUP_LOCAL | J73: + | L73: + | M73: + | N73: + | AB73: +
A74: ETL | B74: КС 9н(XML) ФО | E74: BIR_PIAO_ETL_KS_9n_XML__FO | F74: ="ПИАО."&A74&" "&B74 -> ПИАО.ETL КС 9н(XML) ФО | G74: EPBS_PIAO_0011_FOTREASURYSUP_LOCAL | J74: + | L74: + | M74: + | N74: + | AB74: +
A75: ETL | B75: Мониторинг | E75: BIR_PIAO_ETL_Monitoring | F75: ="ПИАО."&A75&" "&B75 -> ПИАО.ETL Мониторинг | G75: ETL_MANAGER | H75: +
A76: ETL | B76: Мониторинг цен | E76: BIR_PIAO_ETL_Price_monitoring | F76: ="ПИАО."&A76&" "&B76 -> ПИАО.ETL Мониторинг цен | G76: MGOZ | J76: + | O76: +
A77: ETL | B77: Резервный фонд_ДСП | E77: BIR_PIAO_ETL_Rezervnyj_fond_DSP | F77: ="ПИАО."&A77&" "&B77 -> ПИАО.ETL Резервный фонд_ДСП | G77: Reserv_DSP | J77: + | L77: + | AB77: +
A78: Навигационные роли
A79: Рубрикатор | B79: ПИАО | C79: ФК | E79: BIR_PIAOFK | F79: =B79&"."&C79 -> ПИАО.ФК | G79: Rubric_PIAO_FK | K79: + | S79: + | T79: + | U79: + | V79: + | W79: + | X79: + | Y79: + | Z79: + | AA79: + | AC79: + | AD79: +
G80: Rubric_PIAO_Archive | K80: +
